 Dungeon Crawl Stone Soup version 0.32-a0-576-g706899e69d (webtiles) character file.

Game seed: 17829628112400380144

2987015 yetimobile the Wrestler (level 26, 364/364 HPs)
             Began as a Troll Earth Elementalist on Feb 29, 2024.
             Was a High Priest of Jiyva.
             Escaped with the Orb
             ... and 4 runes
             ... and 1 gem on Mar 2, 2024!
             The game lasted 03:37:18 (49678 turns).

yetimobile the Wrestler (Troll Earth Elementalist) Turns: 49678, Time: 03:37:18

Health: 364/364    AC: 11    Str: 30    XL:     26   Next: 27%
Magic:  23/23      EV: 30    Int: 15    God:    Jiyva [*****.]
Gold:   1960       SH:  0    Dex: 11    Spells: 13/27 levels left

rFire   + .          .
                       - Unarmed
rCold   . . .        a - melded +2 tower shield {AC+3}
rNeg    + . .        L - melded +0 storm dragon scales
rPois   inf          P - melded +0 hat
rElec   +            I - melded scarf {rC+ rF+}
rCorr   +            (gloves unavailable)
SInv    +            (boots unavailable)
Will    +....        j - amulet of the acrobat Stlth
                     n - ring of positive energy
HPRegen 3.04/turn    G - ring of Foolhardiness {*Corrode +Blink rF+ Dex+4 SInv}
MPRegen 0.90/turn

%: corrode self (3%), acrobat
@: berserking, storm-form, flying, studying 2 skills, very quick
A: cleaving, insubstantial, flying, reduced hp, large, unfitting armour, (claws
3), regeneration 1, (shaggy fur 3), (tough skin 1), (hooves 3), clever 1, clumsy
1, deterioration 2, (fire resistance 1), robust 1, teleportitis 1, (translucent
skin 1), (tendrils), no potion heal 1, (cold vulnerability 1), inability to
drink after injury 2, inability to read after injury 1, (engulf), noise
suppression
0: Orb of Zot
}: 4/15 runes: serpentine, barnacled, slimy, silver
a: Blinkbolt, Begin Untransformation, Renounce Religion, Evoke Blink, Oozemancy,
Slimify


You escaped.
You worshipped Jiyva.
Jiyva was extremely pleased with you.
You were a lightning-filled tempest!
You visited 11 branches of the dungeon, and saw 53 of its levels.
You visited the Abyss 1 time.
You also visited: Trove, Sewer, Bailey, Volcano and Wizlab.

You collected 5825 gold pieces.
You spent 3865 gold pieces at shops.

Inventory:

Hand Weapons
 H - the +10 morningstar "Eos" {elec, Halo rElec}
   (You found it on level 1 of the Snake Pit)

   Halo:      It grants its wielder a halo, revealing invisible creatures and
   increasing accuracy against all within it other than the wielder.
   rElec:     It insulates you from electricity.
 R - the +10 broad axe "Ocviamy" {heavy, Str+3 Int+2}
   (You found it on level 5 of the Pits of Slime)

   Str+3:     It affects your strength (+3).
   Int+2:     It affects your intelligence (+2).
Missiles
 A - 9 silver javelins
 Z - 86 large rocks (quivered)
Armour
 a - a +2 tower shield of protection (melded)
 I - a scarf of resistance (melded)
 L - +0 storm dragon scales (melded)
 P - a +0 hat (melded)
Magical Staves
 z - the staff of Yeast {rElec rPois Str-5 Necro Earth}
   (You took it off a gnoll on level 13 of the Dungeon)

   [staff of earth]

   Base accuracy: +5 Base damage: 5 Base attack delay: 1.2 This weapon's minimum
   attack delay (0.6) is reached at skill level 12.
   Str-5:     It affects your strength (-5).
   rElec:     It insulates you from electricity.
   rPois:     It protects you from poison.
   Necro:     It increases the power of your Necromancy spells.
   Earth:     It increases the power of your Earth spells.
   It falls into the 'Staves' category.
   It is a one-clawed weapon.
Jewellery
 j - an amulet of the acrobat (around neck)
 l - the ring "Weisori" {rC+ EV+5}
   (You bought it in a shop on level 4 of the Dungeon)

   [ring of evasion]

   EV+5:      It affects your evasion (+5).
   rC+:       It protects you from cold.
 n - a ring of positive energy (left fist)
 p - the ring "Eczifef" {rF++ Will+ Int+3 Stlth+}
   (You took it off a minotaur on level 14 of the Dungeon)

   [ring of willpower]

   Int+3:     It affects your intelligence (+3).
   rF++:      It greatly protects you from fire.
   Will+:     It increases your willpower.
   Stlth+:    It makes you more stealthy.
 F - the ring "Hijilo" {rF+ Str+6 Dex+3}
   (You bought it in a shop on level 4 of the Snake Pit)

   [ring of strength]

   Str+6:     It affects your strength (+6).
   Dex+3:     It affects your dexterity (+3).
   rF+:       It protects you from fire.
 G - the ring of Foolhardiness (right fist) {*Corrode +Blink rF+ Dex+4 SInv}
   (You took it off a merfolk javelineer on level 4 of the Shoals)

   [ring of protection from fire]

   Dex+4:     It affects your dexterity (+4).
   rF+:       It protects you from fire.
   SInv:      It lets you see invisible.
   +Blink:    It lets you blink.
   *Corrode:  It may corrode you when you take damage.
 O - the ring "Ufinaph" {rPois AC+4 Int+3}
   (You found it on level 5 of the Pits of Slime)

   [ring of protection]

   AC+4:      It affects your AC (+4).
   Int+3:     It affects your intelligence (+3).
   rPois:     It protects you from poison.
 Q - the ring of Keecs {rF+ Will++ Dex+3}
   (You found it on level 5 of the Pits of Slime)

   [ring of protection from fire]

   Dex+3:     It affects your dexterity (+3).
   rF+:       It protects you from fire.
   Will++:    It greatly increases your willpower.
Talismans
 f - a storm talisman (active)
 N - a granite talisman
Wands
 u - a wand of warping (37)
 y - a wand of mindburst (54)
 K - a wand of acid (6)
 M - a wand of charming (30)
 W - a wand of polymorph (16)
Scrolls
 b - 5 scrolls of torment {!r}
 c - 5 scrolls of revelation
 k - 3 scrolls of fog
 s - 7 scrolls of teleportation
 C - 2 scrolls of immolation {!r}
 D - 2 scrolls of silence
 S - 4 scrolls of vulnerability {!r}
 T - 4 scrolls of blinking
 U - a scroll of butterflies
 Y - 4 scrolls of fear
Potions
 d - 2 potions of ambrosia
 e - 25 potions of curing
 g - 9 potions of heal wounds
 h - 4 potions of magic
 m - 4 potions of attraction {!q}
 o - a potion of berserk rage
 t - 3 potions of resistance
 v - 4 potions of cancellation
 w - 2 potions of invisibility
 x - 2 potions of might
 B - 2 potions of haste
 J - 6 potions of enlightenment
 X - 6 potions of lignification {!q}
Miscellaneous
 i - a lightning rod (4/4)
 r - a phial of floods
 E - a tin of tremorstones (2/2)
 V - a phantom mirror


   Skills:
 - Level 13.2 Fighting
 + Level 17.4 Throwing
 - Level 15.5 Armour
 - Level 10.6 Dodging
 - Level 1.0 Stealth
 - Level 17.4 Shields
 + Level 24.3 Unarmed Combat
 - Level 1.2 Spellcasting
 - Level 5.3 Conjurations
 - Level 8.2 Earth Magic
 - Level 4.6 Evocations
 - Level 21.7 Shapeshifting


You had 13 spell levels left.
You knew the following spells:

 Your Spells              Type           Power      Damage    Failure   Level
a - Passwall              Erth           25%        N/A       2%          3
p - Petrify               Alch/Erth      13%        N/A       41%         4
w - Stone Arrow           Conj/Erth      42%        3d9       4%          3
X - Brom's Barrelling Bo  Conj/Erth      21%        2d4       14%         4

Your spell library contained the following spells:

 Spells                   Type           Power      Damage    Failure   Level
 Sandblast                Erth           50%        2d12      1%          1
 Magic Dart               Conj           64%        1d6       2%          1
 Searing Ray              Conj           32%        2d5       4%          2
 Foxfire                  Conj/Fire      32%        2x1d5     9%          1
 Kiss of Death            Conj/Necr      32%        2d7       9%          1
 Shock                    Conj/Air       32%        1d5       9%          1
 Sting                    Conj/Alch      32%        1d5       9%          1
 Momentum Strike          Conj/Tloc      16%        3d8       12%         2
 Static Discharge         Conj/Air       16%        3-4/arc   12%         2
 Lee's Rapid Deconstruct  Erth           12%        3d9*      22%         5
 Summon Small Mammal      Summ           0%         N/A       24%         1
 Dazzling Flash           Conj/Hex       16%        N/A       24%         3
 Hailstorm                Conj/Ice       8%         3d5       24%         3
 Mephitic Cloud           Conj/Alch/Air  6%         N/A       34%         3
 Blink                    Tloc           0%         N/A       36%         2
 Call Imp                 Summ           0%         N/A       36%         2
 Cigotuvi's Dreadful Rot  Necr/Alch/Air  0%         N/A       36%         2
 Lesser Beckoning         Tloc           0%         N/A       36%         2
 Mercury Vapours          Alch/Air       0%         N/A       36%         2
 Scorch                   Fire           0%         2d5       36%         2
 Animate Armour           Summ/Erth      26%        N/A       41%         4
 Leda's Liquefaction      Alch/Erth      6%         N/A       41%         4
 Call Canine Familiar     Summ           0%         N/A       58%         3
 Gell's Gravitas          Tloc           0%         N/A       58%         3
 Ozocubu's Armour         Ice            0%         N/A       58%         3
 Sigil of Binding         Hex            0%         N/A       58%         3
 Teleport Other           Tloc           0%         N/A       58%         3
 Tukima's Dance           Hex            0%         N/A       58%         3
 Volatile Blastmotes      Fire/Tloc      0%         2d10      58%         3
 Iskenderun's Battlesphe  Conj           16%        2d7       58%         5
 Iskenderun's Mystic Bla  Conj/Tloc      8%         2d4       63%         4
 Fireball                 Conj/Fire      4%         3d4       92%         5
 Irradiate                Conj/Alch      4%         3d13      92%         5
 Bombard                  Conj/Erth      10%        9d3       92%         6
 Airstrike                Air            0%         2d(0-16)  94%         4
 Cause Fear               Hex            0%         N/A       94%         4
 Dimensional Bullseye     Hex/Tloc       0%         N/A       94%         4
 Dispel Undead            Necr           0%         3d6       94%         4
 Ignite Poison            Fire/Alch      0%         N/A       94%         4
 Martyr's Knell           Necr/Summ      0%         N/A       94%         4
 Olgreb's Toxic Radiance  Alch           0%         N/A       94%         4
 Sticky Flame             Fire/Alch      0%         2d4       94%         4
 Summon Blazeheart Golem  Fire/Summ      0%         N/A       94%         4
 Summon Lightning Spire   Summ/Air       0%         N/A       94%         4
 Freezing Cloud           Conj/Ice/Air   3%         6-21      97%         5
 Alistair's Intoxication  Alch           0%         N/A       100%        5
 Curse of Agony           Necr           0%         N/A       100%        5
 Metabolic Englaciation   Hex/Ice        0%         N/A       100%        5
 Silence                  Hex/Air        0%         N/A       100%        5
 Yara's Violent Unravell  Hex/Alch       0%         3d3       100%        5
 Conjure Ball Lightning   Conj/Air       4%         3x3d6     100%        6
 Death Channel            Necr           0%         N/A       100%        6
 Dispersal                Tloc           0%         N/A       100%        6
 Eringya's Noxious Bog    Alch           0%         4d6       100%        6
 Plasma Beam              Fire/Air       0%         2x1d10    100%        6
 Sculpt Simulacrum        Ice/Alch       0%         N/A       100%        6
 Starburst                Conj/Fire      4%         6d3       100%        6
 Haunt                    Necr/Summ      0%         N/A       100%        7
 Spellforged Servitor     Conj/Summ      4%         N/A       100%        7
 Summon Hydra             Summ           0%         N/A       100%        7
 Ignition                 Fire           0%         3d3       100%        8
 Lehudib's Crystal Spear  Conj/Erth      10%        10d4      100%        8
 Maxwell's Capacitive Co  Air            0%         death     100%        8
 Dragon's Call            Summ           0%         N/A       100%        9
 Sublimation of Blood     Necr           Unusable   N/A       N/A         2

Dungeon Overview and Level Annotations

Branches:
Dungeon (15/15)            Temple (1/1) D:5            Lair (5/5) D:8
 Shoals (4/4) Lair:3        Snake (4/4) Lair:2        Slime (5/5) Lair:4
    Orc (2/2) D:9             Elf (3/3) Orc:2        Vaults (5/5) D:13
  Crypt (0/3) Vaults:3     Depths (4/4) D:15            Zot (5/5) Depths:4
  Sewer (visited)          Bailey (visited)         Volcano (visited)
 WizLab (visited)

Altars:
Ashenzari
Cheibriados
Dithmenos
Elyvilon
Fedhas
Gozag
Hepliaklqana
Kikubaaqudgha
Makhleb
Nemelex Xobeh
Okawaru
Qazlal
Ru
Sif Muna
Trog
Uskayaw
Vehumet
Wu Jian
Xom
Yredelemnul
Zin
The Shining One
Jiyva

Shops:
D:4 =   D:10 **   D:14 (   Orc:2 [([[   Elf:3 !   Shoals:1 =   Shoals:3 ![((?
Snake:3 =?   Snake:4 =::   Vaults:1 *   Depths:4 [

Portals:
Hell: Depths:1 Depths:2 Depths:3 Depths:4
Abyss: Depths:2 Depths:3
Pandemonium: Depths:2 Depths:4
Ziggurat: Depths:4

Annotations:
Slime:5 Royal Jelly
Elf:2 5 runed translucent doors
Zot:2 3 runed translucent doors, exclusion: obsidian statue, bakla's ghost, master CoGl
Zot:5 3 transporters


Innate Abilities, Weirdness & Mutations

You are a lightning-filled tempest!
Your electrical attacks strike out in all directions at once.
You are incredibly evasive.
Your insubstantial body is immune to petrification, constriction, and being set on fire You are flying.
Your maximum health is decreased, since you lack skill for your form.
Your armour is entirely melded.
You are incapable of wielding weapons or throwing items.
You are too large for most types of armour.
You are immune to poison.
((You have claws for hands.))
Your natural rate of healing is unusually fast.
((Your thick and shaggy fur keeps you warm. (AC +3, rC+)))
((You have tough skin. (AC +1)))
((You have hooves in place of feet.))
Your mind is acute. (Int +4, Str/Dex -1)
You are clumsy. (Dex -2)
Your body often deteriorates upon taking damage.
((Your flesh is heat resistant. (rF+)))
You are robust. (+10% HP)
You are occasionally teleported next to monsters.
((Your translucent skin slightly reduces your foes' accuracy. (Stealth+)))
((You are covered in slimy tendrils that may disarm your opponents.))
Potions are less effective at restoring your health.
((You are vulnerable to cold. (rC-)))
You sometimes lose the ability to drink potions when taking damage.
You occasionally lose the ability to read scrolls when taking damage.
((Your melee attacks may engulf your foes in ooze.))
You passively dampen the noise of your surroundings.


Message History

You barely miss the angel.
The angel is moderately wounded.
The angel completely misses you.
The angel hits you with a +1 whip of holy wrath.
You blast the angel!!!!
You kill the angel!
Things that are here:
a +1 whip of holy wrath; a +0 robe You feel energetic enough to blinkbolt again.
HP restored.
There is an open door here.
There is a stone staircase leading up here.
You fly upwards.
There is a stone staircase leading down here.
A ynoxinul comes into view.
You blast the ynoxinul!!!
You kill the ynoxinul!
An Orb Guardian comes into view.
You batter the Orb Guardian!!
The Orb Guardian is moderately wounded.
The Orb Guardian hits you!!!
You batter the Orb Guardian!!
Lightning courses through the Orb Guardian!
The Orb Guardian is severely wounded.
You blast the Orb Guardian!!!
Lightning courses through the Orb Guardian!
You kill the Orb Guardian!
There is a stone staircase leading up here.
You fly upwards.
There is a stone staircase leading down here.
You're already here!
There is an open door here.
HP restored.
There is an open door here.
There is a staircase leading out of the dungeon here.
A red film seems to cover your vision as you go berserk!
You feel yourself moving faster!
You feel mighty!
You are too berserk!
You feel a strong urge to attack something.
You have escaped!

........# ####...................
.)......###....#####............#
........##..#### #............#
........#..### #.............
.............# #.............
...........#.##########..#.......
#####......#.#..........#####....
#......#......####### ###..
####........v.##....# ##.
######....>##....# #..
#.....##....# #.#
#####.....###'### #..
#.........###.# ###
#.####....##.## # #.# #....'#.#
#.# ######.#############
####.#### ##.'....#.......


There were no monsters in sight!

Vanquished Creatures
  6 orbs of fire
  A dread lich (Zot:5)
  3 ancient liches
  Mara (Vaults:2)
  4 Killer Klowns (Zot:5)
  14 golden dragons
  7 curse toes
  A profane servitor (Zot:5)
  2 bone dragons (Depths:4)
  2 Tzitzimimeh
  A Brimstone Fiend (D:13)
  2 electric golems
  A hellephant (Zot:5)
  Jorgrun (Shoals:2)
  7 tentacled monstrosities
  4 liches
  2 deep elf blademasters (Elf:3)
  6 titans
  A walking earthen tome (Depths:2)
  28 Orb Guardians
  2 walking frostbound tomes
  2 deep elf master archers (Elf:3)
  A kraken (Shoals:3)
  10 quicksilver dragons
  A walking divine tome (Depths:2)
  Asterion (Snake:1)
  Polyphemus (Shoals:2)
  Frances (Snake:1)
  5 death cobs
  4 tentacled starspawn (Abyss:3)
  10 sphinxes
  2 ancient champions
  Kirke (D:14)
  6 shadow dragons
  6 tengu reavers
  14 storm dragons
  Donald (Shoals:2)
  A daeva (Shoals:4)
  Roxanne (Shoals:2)
  5 protean progenitors
  8 nagarajas
  12 draconian monks
  6 fire giants
  10 frost giants
  10 deep elf sorcerers
  14 vault wardens
  3 deep elf elementalists (Elf:3)
  3 ghost moths
  7 draconian scorchers
  6 draconian knights
  5 draconian shifters
  2 orc warlords
  An angel (D:3)
  Louise (Elf:2)
  4 demonspawn corrupters (WizLab)
  A cacodemon (D:14)
  3 draconian stormcallers
  A spriggan defender (Depths:2)
  4 draconian annihilators
  23 very ugly things
  23 ironbound preservers
  8 deep elf death magi
  2 vampire knights
  19 stone giants
  7 ironbound thunderhulks
  10 green draconians
  8 deep elf annihilators
  A lorocyproca (Zot:5)
  6 deep elf demonologists
  10 dire elephants
  8 purple draconians
  An apis (Shoals:4)
  A minotaur (D:14)
  15 black draconians
  7 red draconians
  10 yellow draconians
  4 war gargoyles
  12 white draconians
  9 spark wasps
  21 ettins
  10 merfolk impalers
  The ghost of jamsaran the Toxicologist, a journeyman DgAl (D:14)
  2 jiangshi (Depths:1)
  Josephine (D:10)
  2 merfolk javelineers (Shoals:4)
  6 entropy weavers
  14 yaktaur captains
  6 fire dragons
  5 deep elf high priests
  3 salamander tyrants
  12 ice dragons
  5 rakshasas
  9 ogre magi
  2 peacekeepers
  A hell beast (Depths:4)
  A sphinx zombie (Vaults:1)
  2 radroaches (Zot:1)
  6 merfolk avatars
  4 catoblepae
  37 vault guards
  11 spriggan air magi
  7 boulder beetles
  11 anacondas
  2 hydras (D:14)
  5 ironbound frosthearts
  14 centaur warriors
  3 alligator snapping turtles
  15 dancing weapons
  30 two-headed ogres
  9 merfolk aquamancers
  9 death yaks
  4 satyrs
  4 spriggan berserkers
  11 deep troll shamans
  10 deep troll earth magi
  7 tengu warriors
  7 occultists
  17 naga warriors
  8 shock serpents
  5 vampire magi
  A holy swine (Shoals:4)
  8 naga sharpshooters
  19 hell knights
  A thrashing horror (Abyss:3)
  The ghost of Jigsaw the Covert, a novice OpDe (D:9)
  17 deep elf knights
  4 skeletal warriors
  2 wretched stars (Abyss:3)
  4 skysharks
  2 soul eaters
  A spectral spark wasp (Depths:4)
  6 salamander mystics
  A sixfirhy (D:14)
  3 flayed ghosts
  13 sea snakes
  A shadow wraith (Vaults:5)
  9 iron trolls
  61 deep trolls
  9 naga ritualists
  A quicksilver dragon simulacrum (Depths:4)
  9 mana vipers
  9 arcanists
  8 deep elf archers
  2 cherubim (Shoals:4)
  5 phantasmal warriors
  23 ironbound convokers
  2 obsidian statues
  24 harpies
  6 lindwurms
  26 deep elf pyromancers
  Pikel (D:4)
  A tengu zombie (Vaults:1)
  27 deep elf zephyrmancers
  5 orc knights
  A harpy (shapeshifter) (D:13)
  8 necromancers
  9 fauns
  2 fire giant zombies (Vaults:1)
  An orc sorcerer (Orc:1)
  47 ugly things
  8 salamanders
  28 moths of wrath
  4 large abominations (Abyss:3)
  5 worldbinders (WizLab)
  11 manticores
  5 merfolk sirens
  2 kobold blastminers (Orc:1)
  14 cyclopes
  13 elephants
  5 guardian serpents
  27 black mambas
  2 molten gargoyles (Volcano)
  6 meliai
  A frost giant skeleton (Vaults:2)
  17 vault sentinels
  8 apocalypse crabs (Zot:1)
  A smoke demon (Depths:4)
  2 orange demons (D:14)
  A rust devil (Depths:4)
  A cane toad (shapeshifter) (D:15)
  15 naga magi
  Maggie (D:8)
  6 water nymphs
  14 cane toads
  3 kobold demonologists
  2 rime drakes
  2 human zombies (Vaults:1)
  3 torpor snails
  An efreet (Abyss:3)
  An unseen horror (D:13)
  A hellion (Depths:4)
  2 tengu conjurers
  27 yaktaurs
  2 freezing wraiths
  15 komodo dragons
  31 merfolk
  A human skeleton (Vaults:2)
  6 trolls
  A tengu simulacrum (Vaults:2)
  4 wind drakes
  5 polar bears
  A hellwing (Abyss:3)
  3 hornets
  3 raiju (Abyss:3)
  6 snapping turtles
  A tarantella (Vaults:2)
  Prince Ribbit (D:5)
  4 blink frogs
  14 dream sheep
  A culicivora (Vaults:2)
  A spriggan (Depths:2)
  11 water elementals
  2 hogs (D:14)
  A small abomination (Zot:5)
  2 fire bats (Volcano)
  A ynoxinul (D:2)
  A dire elephant simulacrum (Abyss:3)
  4 wyverns
  2 basilisks
  A fire elemental (Elf:1)
  72 yaks
  9 wraiths
  A warg (D:15)
  6 humans (D:13)
  A yaktaur simulacrum (Vaults:1)
  2 vampire mosquitoes (D:13)
  5 steam dragons
  3 redbacks (Vaults:3)
  4 chaos spawn
  A glowing shapeshifter zombie (Vaults:1)
  37 nagas
  6 acid dragons
  Duvessa (D:5)
  4 hell hounds (Zot:4)
  9 water moccasins
  Pargi (Sewer)
  A black bear (Lair:2)
  An ice beast (D:6)
  3 laughing skulls
  22 orc warriors
  5 boggarts
  An orc zombie (Vaults:1)
  34 wolves
  19 centaurs
  27 ogres
  2 lemures
  A brain worm (Sewer)
  2 kobold brigands (D:12)
  13 bullfrogs
  A brain worm (shapeshifter) (D:13)
  2 scorpions
  A gnoll sergeant (D:13)
  13 wights
  9 killer bees
  An electric eel (Snake:3)
  3 howler monkeys
  4 lava snakes (Volcano)
  Crazy Yiuf (D:7)
  9 orc priests
  12 orc wizards
  3 iguanas
  6 gnolls
  12 adders
  A white imp (D:7)
  A dart slug (D:2)
  51 orcs
  3 giant cockroaches
  10 goblins
  6 hobgoblins
  A quokka (D:3)
  11 ball pythons
  4 bats
  4 frilled lizards
  8 kobolds
  3 rats
  An aspiring flesh (Zot:4)
  A starspawn tentacle (Abyss:3)
  4 tentacles (Shoals:3)
2016 creatures vanquished.

Vanquished Creatures (collateral kills)
  A boulder beetle (D:13)
  A wraith (D:13)
2 creatures vanquished.

Vanquished Creatures (others)
  An acid blob (Vaults:4)
  A death cob (Zot:5)
  A tengu reaver (Vaults:2)
  An azure jelly (Depths:2)
  A draconian knight (Zot:5)
  A deep elf demonologist (Elf:3)
  3 ironbound thunderhulks
  A deep elf annihilator (Vaults:5)
  A purple draconian (Zot:3)
  8 great orbs of eyes
  A vault guard (D:13)
  A yaktaur captain (Vaults:1)
  A merfolk aquamancer (Shoals:4)
  A two-headed ogre (shapeshifter) (Vaults:5)
  A sun moth (shapeshifter) (Vaults:5)
  An arcanist (Vaults:2)
  A glowing orange brain (Vaults:2)
  3 deep trolls
  2 deep elf pyromancers
  A harpy (Vaults:3)
  A wolf spider (shapeshifter) (Elf:2)
  5 deep elf zephyrmancers
  2 orc sorcerers
  An elf skeleton (Vaults:2)
  A water nymph (shapeshifter) (Elf:3)
  A black mamba (Snake:2)
  An unseen horror (D:11)
  4 yaktaurs
  An ice devil (D:12)
  2 glass eyes
  A dream sheep (Lair:4)
  23 slime creatures
  A slime creature (shapeshifter) (Elf:3)
  A yak (Lair:3)
  A human (D:13)
  A redback (shapeshifter) (Vaults:5)
  A water moccasin (Lair:5)
  2 black bears
  3 kobold brigands
  Blork the orc (D:5)
  2 bullfrogs
  A small abomination (Abyss:3)
  Dowan (D:5)
  378 jellies
  A killer bee (D:8)
  An electric eel (Snake:3)
  A howler monkey (D:8)
  2 orc priests (Orc:2)
  A sleepcap (D:5)
  3 orc wizards
  A gnoll (D:13)
  3 adders
  A shadow imp (D:6)
  2 white imps (Abyss:3)
  2 ufetubi (D:7)
  A dart slug (D:3)
  24 orcs
  2 endoplasms (D:4)
  A giant cockroach (D:2)
  2 goblins (D:8)
  A ball python (D:3)
  A frilled lizard (D:1)
  17 kobolds
  A rat (D:1)
  A ball lightning (D:12)
  12 starspawn tentacles
  7 tentacles (Shoals:3)
556 creatures vanquished.

Grand Total: 2574 creatures vanquished

Notes
Turn   | Place    | Note
-------+----------+-------------------------------------------
     0 | D:1      | yetimobile the Troll Earth Elementalist began the quest for
                  | the Orb.
     0 | D:1      | Reached XP level 1. HP: 16/16 MP: 1/1
   134 | D:1      | Found a faded altar of an unknown god.
   143 | D:1      | Prayed at the altar of an unknown god.
   143 | D:1      | Became a worshipper of Jiyva Johy the Shapeless
   143 | D:1      | Reached * piety under Jiyva
   157 | D:1      | Reached skill level 3 in Earth Magic
   290 | D:1      | Reached XP level 2. HP: 24/24 MP: 2/2
   848 | D:2      | Reached ** piety under Jiyva
   975 | D:2      | Reached XP level 3. HP: 31/31 MP: 3/3
  1383 | D:3      | Reached skill level 1 in Unarmed Combat
  1471 | D:3      | Reached skill level 2 in Unarmed Combat
  1480 | D:3      | Reached XP level 4. HP: 39/39 MP: 2/4
  1560 | D:3      | Found a radiant altar of Vehumet.
  1829 | D:3      | Reached *** piety under Jiyva
  2121 | D:4      | Noticed a centaur
  2128 | D:4      | Killed a centaur
  2129 | D:4      | Reached skill level 3 in Unarmed Combat
  2129 | D:4      | Reached XP level 5. HP: 30/45 MP: 2/5
  2134 | D:4      | Found Idux's Jewellery Shoppe.
  2291 | D:4      | Reached skill level 4 in Unarmed Combat
  2414 | D:4      | Gained mutation: You possess an exceptional clarity of
                  | mind. [Jiyva's grace]
  2414 | D:4      | Gained mutation: You have a pair of small horns on your
                  | head. [Jiyva's grace]
  2414 | D:4      | Gained mutation: You have a pair of horns on your head.
                  | [Jiyva's grace]
  2414 | D:4      | Gained mutation: You have a pair of large horns on your
                  | head. [Jiyva's grace]
  2723 | D:4      | Reached skill level 5 in Unarmed Combat
  2723 | D:4      | Reached XP level 6. HP: 30/53 MP: 6/6
  2778 | D:5      | Entered Level 5 of the Dungeon
  2869 | D:5      | Noticed Duvessa
  2870 | D:5      | Noticed Dowan
  2941 | D:5      | Noticed Pikel
  2952 | D:4      | Killed Pikel
  2953 | D:4      | Reached skill level 7 in Unarmed Combat
  2953 | D:4      | Reached XP level 7. HP: 50/59 MP: 4/7
  3003 | D:5      | Noticed Blork the orc
  3074 | D:5      | Found a staircase to the Ecumenical Temple.
  3087 | Temple   | Entered the Ecumenical Temple
  3301 | D:5      | Reached **** piety under Jiyva
  3332 | D:5      | Killed Dowan
  3407 | D:5      | Killed Duvessa
  3408 | D:5      | Reached skill level 8 in Unarmed Combat
  3436 | D:5      | Noticed Prince Ribbit
  3444 | D:5      | Killed Prince Ribbit
  3445 | D:5      | Reached XP level 8. HP: 25/67 MP: 6/8
  3526 | D:5      | Killed Blork the orc
  3736 | D:6      | Identified the +3 trident of Sunlight {pain, Dex+2 Stlth+}
  3742 | D:6      | Found a glowing drain.
  3757 | D:6      | Reached skill level 9 in Unarmed Combat
  3772 | Sewer    | Entered a sewer
  3816 | Sewer    | Noticed Pargi
  3830 | Sewer    | Killed Pargi
  3995 | D:6      | Reached skill level 10 in Unarmed Combat
  4305 | D:6      | Reached skill level 1 in Fighting
  4573 | D:7      | Reached skill level 2 in Fighting
  4574 | D:7      | Reached XP level 9. HP: 80/80 MP: 9/9
  4577 | D:7      | Reached skill level 3 in Fighting
  4589 | D:7      | Reached skill level 4 in Fighting
  4655 | D:7      | Found a shimmering blue altar of Sif Muna.
  4803 | D:7      | Gained mutation: Your mind is acute. (Int +4, Str/Dex -1)
                  | [Jiyva's grace]
  4803 | D:7      | Gained mutation: Your mind is very acute. (Int +8, Str/Dex
                  | -2) [Jiyva's grace]
  4803 | D:7      | Gained mutation: You are partially covered in iridescent
                  | scales. (AC +2) [Jiyva's grace]
  4803 | D:7      | Gained mutation: You are mostly covered in iridescent
                  | scales. (AC +4) [Jiyva's grace]
  4895 | D:7      | Reached skill level 4 in Earth Magic
  4900 | D:7      | Reached skill level 1 in Conjurations
  4989 | D:7      | Found a burning altar of Makhleb.
  5011 | D:7      | Reached skill level 2 in Conjurations
  5084 | D:7      | Found a runed translucent door.
  5085 | D:7      | Noticed Crazy Yiuf
  5202 | D:7      | Killed Crazy Yiuf
  5239 | D:8      | Found a white marble altar of Elyvilon.
  5243 | D:8      | Found a staircase to the Lair.
  5250 | D:8      | Reached skill level 5 in Earth Magic
  5263 | D:8      | Reached skill level 3 in Conjurations
  5296 | D:8      | Noticed a two-headed ogre
  5332 | D:8      | Reached XP level 10. HP: 75/94 MP: 10/10
  5417 | D:8      | Reached skill level 6 in Earth Magic
  5473 | D:8      | Noticed Maggie
  5490 | D:8      | Killed Maggie
  5491 | D:8      | Reached skill level 4 in Conjurations
  5525 | D:8      | Noticed a two-headed ogre
  5533 | D:8      | Killed a two-headed ogre
  5541 | D:8      | Found a flagged portal.
  5551 | Bailey   | Entered a bailey
  5568 | Bailey   | Reached skill level 7 in Earth Magic
  5752 | Bailey   | Reached skill level 5 in Conjurations
  5798 | Bailey   | Learned a level 3 spell: Stone Arrow
  5996 | D:8      | Reached skill level 5 in Fighting
  5996 | D:8      | Reached skill level 1 in Armour
  6102 | D:8      | Killed a two-headed ogre
  6103 | D:8      | Reached skill level 2 in Armour
  6283 | Lair:1   | Entered Level 1 of the Lair of Beasts
  6313 | Lair:1   | Reached skill level 3 in Armour
  6315 | Lair:1   | Reached XP level 11. HP: 92/105 MP: 11/11
  6328 | Lair:1   | Reached skill level 6 in Fighting
  6401 | Lair:1   | Reached skill level 4 in Armour
  6510 | Lair:1   | Reached skill level 7 in Fighting
  6515 | Lair:1   | Reached skill level 5 in Armour
  6578 | Lair:1   | Identified the +0 pair of gloves of Hangman {rF+ rN+ Str+3
                  | Stlth-}
  6640 | Lair:1   | Reached ***** piety under Jiyva
  6798 | Lair:1   | Reached skill level 6 in Armour
  7063 | Lair:2   | Reached skill level 8 in Fighting
  7260 | Lair:2   | Found a staircase to the Snake Pit.
  7326 | Lair:2   | Noticed a seven-headed hydra
  7342 | Lair:1   | Learned a level 4 spell: Petrify
  7456 | Lair:2   | Reached XP level 12. HP: 110/122 MP: 12/12
  7522 | Lair:2   | Reached skill level 7 in Armour
  7636 | Lair:2   | Lost mutation: You have a pair of large horns on your head.
                  | [Jiyva's grace]
  7636 | Lair:2   | Lost mutation: Your mind is very acute. (Int +8, Str/Dex
                  | -2) [Jiyva's grace]
  7636 | Lair:2   | Gained mutation: You have a small jelly attached to you
                  | that may absorb projectiles. [Jiyva's grace]
  7636 | Lair:2   | Gained mutation: Your melee attacks may engulf your foes in
                  | ooze. [Jiyva's grace]
  7636 | Lair:2   | Gained mutation: You are resistant to electric shocks.
                  | (rElec) [Jiyva's grace]
  7636 | Lair:2   | Gained mutation: Your translucent skin slightly reduces
                  | your foes' accuracy. (Stealth+) [Jiyva's grace]
  7675 | Lair:2   | Reached skill level 9 in Fighting
  8041 | Lair:2   | Reached skill level 8 in Armour
  8146 | Lair:2   | Slimified a seven-headed hydra
  8146 | Lair:2   | a seven-headed hydra changed into an azure jelly
  8146 | Lair:2   | Noticed an azure jelly
  8216 | Lair:3   | Noticed a six-headed hydra
  8218 | Lair:3   | Noticed a four-headed hydra
  8225 | Lair:3   | Slimified a seven-headed hydra
  8225 | Lair:3   | a seven-headed hydra changed into a slime creature
  8237 | Lair:3   | Slimified a six-headed hydra
  8237 | Lair:3   | a six-headed hydra changed into a slime creature
  8300 | Lair:3   | Reached skill level 10 in Fighting
  8608 | Lair:3   | Found a dark tunnel.
  8651 | Volcano  | Entered a volcano
  8670 | Volcano  | Reached skill level 11 in Unarmed Combat
  8899 | Volcano  | Found a bloodstained altar of Trog.
  8926 | Volcano  | Reached XP level 13. HP: 111/133 MP: 13/13
  8970 | Volcano  | Reached skill level 12 in Unarmed Combat
  9022 | Volcano  | Identified the +1 pair of boots "Acuocuf" {rC+ Str+2}
  9048 | Lair:3   | Upgraded the game from 0.32-a0-540-g866d13106e to
                  | 0.32-a0-560-g4c7f4391e0
  9205 | Lair:3   | Lost mutation: You have a pair of horns on your head.
                  | [Jiyva's grace]
  9205 | Lair:3   | Lost mutation: You are mostly covered in iridescent scales.
                  | (AC +4) [Jiyva's grace]
  9205 | Lair:3   | Lost mutation: Your translucent skin slightly reduces your
                  | foes' accuracy. (Stealth+) [Jiyva's grace]
  9205 | Lair:3   | Gained mutation: Armour fits poorly on your pseudopods.
                  | [Jiyva's grace]
  9205 | Lair:3   | Gained mutation: Armour fits poorly on your large
                  | pseudopods. [Jiyva's grace]
  9205 | Lair:3   | Gained mutation: Armour fits poorly on your massive
                  | pseudopods. [Jiyva's grace]
  9205 | Lair:3   | Gained mutation: You expend magic power (3 MP) to
                  | strengthen your wands. [Jiyva's grace]
  9302 | Lair:3   | Found a staircase to the Shoals.
  9764 | Lair:4   | Reached ****** piety under Jiyva
 10009 | Lair:4   | a five-headed hydra changed into an azure jelly
 10009 | Lair:4   | Noticed an azure jelly
 10076 | Lair:4   | Noticed Rupert
 10081 | Lair:4   | Slimified Rupert
 10081 | Lair:4   | Rupert changed into Rupert the acid blob
 10081 | Lair:4   | Noticed Rupert
 10123 | Lair:4   | Reached skill level 13 in Unarmed Combat
 10227 | Lair:4   | Found a viscous altar of Jiyva.
 10227 | Lair:4   | Found a staircase to the Slime Pits.
 10606 | Lair:5   | Entered Level 5 of the Lair of Beasts
 10606 | Lair:5   | Lost mutation: You possess an exceptional clarity of mind.
                  | [Jiyva's grace]
 10606 | Lair:5   | Lost mutation: Your melee attacks may engulf your foes in
                  | ooze. [Jiyva's grace]
 10606 | Lair:5   | Gained mutation: You are covered in thick fur. (AC +2)
                  | [Jiyva's grace]
 10606 | Lair:5   | Gained mutation: Your thick and shaggy fur keeps you warm.
                  | (AC +3, rC+) [Jiyva's grace]
 10606 | Lair:5   | Gained mutation: You are mostly covered in iridescent
                  | scales. (AC +4) [Jiyva's grace]
 10606 | Lair:5   | Gained mutation: You are completely covered in iridescent
                  | scales. (AC +6) [Jiyva's grace]
 10880 | Lair:5   | Reached skill level 14 in Unarmed Combat
 11236 | Lair:5   | Reached skill level 15 in Unarmed Combat
 11398 | Lair:5   | Reached XP level 14. HP: 95/143 MP: 14/14
 11413 | Lair:5   | Reached skill level 16 in Unarmed Combat
 11787 | Slime:1  | Entered Level 1 of the Pits of Slime
 11794 | Slime:2  | Noticed a formless jellyfish
 11796 | Slime:2  | Noticed a formless jellyfish
 11802 | Slime:3  | Noticed a rockslime
 11836 | Slime:3  | Noticed a rockslime
 11858 | Slime:5  | Entered Level 5 of the Pits of Slime
 11859 | Slime:5  | Noticed an acid blob
 11872 | Slime:5  | Identified the ring "Ufinaph" {rPois AC+4 Int+3}
 11882 | Slime:5  | Noticed a formless jellyfish
 11885 | Slime:5  | Noticed the Royal Jelly
 11885 | Slime:5  | Noticed an acid blob
 11887 | Slime:5  | Noticed a formless jellyfish
 11898 | Slime:5  | Noticed an acid blob
 11912 | Slime:5  | Got a starry gem with 477 turns to spare
 11914 | Slime:5  | Identified the ring of Keecs {rF+ Will++ Dex+3}
 11917 | Slime:5  | Got a slimy rune of Zot
 11932 | Slime:5  | Noticed an acid blob
 11941 | Slime:5  | Noticed an acid blob
 11948 | Slime:5  | Noticed a quicksilver ooze
 11953 | Slime:5  | Noticed an azure jelly
 11964 | Slime:5  | Noticed an acid blob
 11972 | Slime:5  | Noticed a formless jellyfish
 11973 | Slime:5  | Noticed an acid blob
 11973 | Slime:5  | Noticed a formless jellyfish
 11974 | Slime:5  | Noticed a formless jellyfish
 11979 | Slime:5  | Noticed an azure jelly
 11984 | Slime:5  | Noticed a formless jellyfish
 11985 | Slime:5  | Noticed an acid blob
 11988 | Slime:5  | Identified the +10 broad axe "Ocviamy" {heavy, Str+3 Int+2}
 12002 | Slime:3  | Noticed a formless jellyfish
 12002 | Slime:3  | Noticed a formless jellyfish
 12027 | Slime:3  | Noticed an azure jelly
 12029 | Slime:4  | Noticed an acid blob
 12175 | Slime:2  | Noticed a formless jellyfish
 12182 | Slime:2  | Noticed a formless jellyfish
 12186 | Slime:1  | Noticed an azure jelly
 12408 | D:9      | Found a transporter.
 12408 | D:9      | Found a transporter.
 12411 | D:9      | Noticed Jigsaw's ghost (novice OpDe)
 12640 | D:9      | Reached skill level 1 in Shapeshifting
 12738 | D:9      | Found a stormy altar of Qazlal.
 12738 | D:9      | Found a bloodstained altar of Trog.
 12745 | D:9      | Found an iron altar of Okawaru.
 12748 | D:9      | Found a glowing golden altar of the Shining One.
 12750 | D:9      | Found a faded altar of an unknown god.
 12801 | D:9      | Lost mutation: You have a pair of small horns on your head.
                  | [Jiyva's grace]
 12801 | D:9      | Lost mutation: You are completely covered in iridescent
                  | scales. (AC +6) [Jiyva's grace]
 12801 | D:9      | Lost mutation: Your mind is acute. (Int +4, Str/Dex -1)
                  | [Jiyva's grace]
 12801 | D:9      | Lost mutation: Your thick and shaggy fur keeps you warm.
                  | (AC +3, rC+) [Jiyva's grace]
 12801 | D:9      | Lost mutation: You are covered in thick fur. (AC +2)
                  | [Jiyva's grace]
 12801 | D:9      | Lost mutation: You are resistant to electric shocks.
                  | (rElec) [Jiyva's grace]
 12801 | D:9      | Lost mutation: Armour fits poorly on your massive
                  | pseudopods. [Jiyva's grace]
 12801 | D:9      | Lost mutation: You have a small jelly attached to you that
                  | may absorb projectiles. [Jiyva's grace]
 12801 | D:9      | Lost mutation: You expend magic power (3 MP) to strengthen
                  | your wands. [Jiyva's grace]
 12801 | D:9      | Gained mutation: Your rubbery body absorbs attacks. (AC +1,
                  | EV +1) [Jiyva's grace]
 12801 | D:9      | Gained mutation: Your pliable body absorbs attacks. (AC +2,
                  | EV +2) [Jiyva's grace]
 12801 | D:9      | Gained mutation: Your gelatinous body deflects attacks. (AC
                  | +3, EV +3) [Jiyva's grace]
 12801 | D:9      | Gained mutation: You have a small jelly attached to you
                  | that senses nearby items. [Jiyva's grace]
 12902 | D:9      | Found a staircase to the Orcish Mines.
 13084 | D:9      | Reached skill level 2 in Shapeshifting
 13105 | D:9      | Killed Jigsaw's ghost
 13110 | D:9      | Reached skill level 8 in Earth Magic
 13178 | D:10     | Entered Level 10 of the Dungeon
 13181 | D:10     | Noticed Josephine
 13200 | D:9      | Reached skill level 3 in Shapeshifting
 13200 | D:9      | Upgraded the game from 0.32-a0-560-g4c7f4391e0 to
                  | 0.32-a0-571-gec57dfcd37
 13392 | D:10     | Killed Josephine
 13575 | D:10     | Found Yjew's General Store.
 13577 | D:10     | Found Kyzideqeaps's Specific Store.
 14023 | D:10     | Reached skill level 4 in Shapeshifting
 14344 | D:11     | Found a blossoming altar of Fedhas.
 14555 | D:11     | Reached skill level 5 in Shapeshifting
 15249 | D:12     | Reached skill level 6 in Shapeshifting
 15464 | D:12     | Lost mutation: Armour fits poorly on your large pseudopods.
                  | [Jiyva's grace]
 15464 | D:12     | Gained mutation: You have a small jelly attached to you
                  | that may absorb projectiles. [Jiyva's grace]
 15464 | D:12     | Gained mutation: Your translucent skin slightly reduces
                  | your foes' accuracy. (Stealth+) [Jiyva's grace]
 15464 | D:12     | Gained mutation: Your translucent skin reduces your foes'
                  | accuracy. (Stealth+) [Jiyva's grace]
 15464 | D:12     | Gained mutation: Your transparent skin significantly
                  | reduces your foes' accuracy. (Stealth+) [Jiyva's grace]
 15571 | D:12     | Identified the +5 chain mail "Ysueteeg" {^Drain rCorr
                  | Dex+5}
 15608 | D:12     | Reached skill level 7 in Shapeshifting
 15938 | D:13     | Reached skill level 8 in Shapeshifting
 15950 | D:13     | Identified the staff of Yeast {rElec rPois Str-5 Necro
                  | Earth}
 16033 | D:13     | Reached skill level 9 in Shapeshifting
 16189 | D:13     | Reached XP level 15. HP: 139/149 MP: 15/15
 16286 | D:13     | Reached skill level 10 in Shapeshifting
 16286 | D:13     | Reached skill level 1 in Shields
 16328 | D:13     | Reached skill level 2 in Shields
 16336 | D:13     | Found a gate to the Vaults.
 16777 | D:14     | Noticed jamsaran's ghost (journeyman DgAl)
 16782 | D:14     | Identified the ring "Eczifef" {rF++ Will+ Int+3 Stlth+}
 16815 | D:14     | Found a runed translucent gate.
 16815 | D:14     | Found a runed translucent gate.
 16834 | D:14     | Found a runed translucent gate.
 16850 | D:14     | Found Zoclotal's Antique Weapon Emporium.
 17118 | D:14     | Lost mutation: You are mostly covered in iridescent scales.
                  | (AC +4) [Jiyva's grace]
 17118 | D:14     | Lost mutation: Armour fits poorly on your pseudopods.
                  | [Jiyva's grace]
 17118 | D:14     | Lost mutation: Your transparent skin significantly reduces
                  | your foes' accuracy. (Stealth+) [Jiyva's grace]
 17118 | D:14     | Gained mutation: You have acidic saliva. [Jiyva's grace]
 17118 | D:14     | Gained mutation: You are agile. (Dex +4, Str/Int -1)
                  | [Jiyva's grace]
 17118 | D:14     | Gained mutation: You are very agile. (Dex +8, Str/Int -2)
                  | [Jiyva's grace]
 17118 | D:14     | Gained mutation: You are mostly covered in iridescent
                  | scales. (AC +4) [Jiyva's grace]
 17136 | D:14     | Noticed Kirke
 17157 | D:14     | Killed Kirke
 17411 | D:15     | Entered Level 15 of the Dungeon
 17498 | D:15     | Reached skill level 11 in Fighting
 17624 | D:15     | Reached skill level 17 in Unarmed Combat
 17892 | D:15     | Found a staircase to the Depths.
 18098 | Orc:1    | Entered Level 1 of the Orcish Mines
 18383 | Orc:2    | Entered Level 2 of the Orcish Mines
 18389 | Orc:2    | Found a staircase to the Elven Halls.
 18581 | Orc:2    | Reached skill level 12 in Fighting
 18584 | Orc:2    | Found Reddiaxil's Antique Armour Emporium.
 18584 | Orc:2    | Found Vargh's Antique Weapon Boutique.
 18592 | Orc:2    | Reached XP level 16. HP: 128/165 MP: 16/16
 18592 | Orc:2    | Found Geutuk's Antique Armour Boutique.
 18592 | Orc:2    | Found Ocuy's Armour Shoppe.
 18820 | Orc:2    | Lost mutation: You have acidic saliva. [Jiyva's grace]
 18820 | Orc:2    | Lost mutation: Your translucent skin reduces your foes'
                  | accuracy. (Stealth+) [Jiyva's grace]
 18820 | Orc:2    | Gained mutation: You have sharp toenails. [Jiyva's grace]
 18820 | Orc:2    | Gained mutation: You have razor-sharp toenails. [Jiyva's
                  | grace]
 18820 | Orc:2    | Gained mutation: You have claws for feet. [Jiyva's grace]
 18820 | Orc:2    | Gained mutation: You are completely covered in iridescent
                  | scales. (AC +6) [Jiyva's grace]
 19011 | Orc:2    | Bought a +0 hat for 44 gold pieces
 19058 | Orc:2    | Learned a level 3 spell: Passwall
 19160 | Snake:1  | Entered Level 1 of the Snake Pit
 19281 | Snake:1  | Noticed Frances
 19325 | Snake:1  | Reached skill level 18 in Unarmed Combat
 19458 | Snake:1  | Reached skill level 2 in Dodging
 19622 | Snake:1  | Found the +10 morningstar "Eos" {elec, Halo rElec}
 19808 | Snake:1  | Reached skill level 9 in Armour
 19844 | Snake:1  | Noticed Asterion
 19851 | Snake:1  | Noticed an Executioner
 19853 | Snake:1  | Killed Asterion
 20060 | Snake:1  | Killed Frances
 20230 | Snake:2  | Reached skill level 3 in Dodging
 20347 | Snake:2  | Reached skill level 4 in Dodging
 20385 | Snake:2  | Identified the +2 hand axe of the Uplifting Gods {holy,
                  | Dex+5}
 20711 | Snake:2  | Lost mutation: You are completely covered in iridescent
                  | scales. (AC +6) [Jiyva's grace]
 20711 | Snake:2  | Gained mutation: You are completely covered in iridescent
                  | scales. (AC +6) [Jiyva's grace]
 20711 | Snake:2  | Gained mutation: You have acidic saliva. [Jiyva's grace]
 20711 | Snake:2  | Gained mutation: You are covered in thick fur. (AC +2)
                  | [Jiyva's grace]
 20711 | Snake:2  | Gained mutation: Your thick and shaggy fur keeps you warm.
                  | (AC +3, rC+) [Jiyva's grace]
 20814 | Snake:2  | Reached skill level 10 in Armour
 20850 | Snake:2  | Reached skill level 5 in Dodging
 21433 | Snake:2  | Reached skill level 1 in Evocations
 21506 | Snake:3  | Reached skill level 2 in Evocations
 21519 | Snake:3  | Reached skill level 6 in Dodging
 21711 | Snake:3  | Found Ofau's Magic Scroll Shop.
 21711 | Snake:3  | Found Bioteysi's Jewellery Boutique.
 21719 | Snake:3  | Bought a scroll of identify for 32 gold pieces
 21719 | Snake:3  | Bought a scroll of identify for 32 gold pieces
 21723 | Snake:3  | Bought a scroll of identify for 32 gold pieces
 21723 | Snake:3  | Bought a scroll of identify for 32 gold pieces
 21723 | Snake:3  | Bought a scroll of identify for 32 gold pieces
 21797 | Snake:3  | Reached skill level 3 in Evocations
 22167 | Snake:3  | Lost mutation: You have claws for feet. [Jiyva's grace]
 22167 | Snake:3  | Lost mutation: Your thick and shaggy fur keeps you warm.
                  | (AC +3, rC+) [Jiyva's grace]
 22167 | Snake:3  | Lost mutation: Your gelatinous body deflects attacks. (AC
                  | +3, EV +3) [Jiyva's grace]
 22167 | Snake:3  | Lost mutation: You have a small jelly attached to you that
                  | may absorb projectiles. [Jiyva's grace]
 22167 | Snake:3  | Lost mutation: You have razor-sharp toenails. [Jiyva's
                  | grace]
 22167 | Snake:3  | Lost mutation: You have sharp toenails. [Jiyva's grace]
 22167 | Snake:3  | Gained mutation: You have large cloven feet. [Jiyva's
                  | grace]
 22167 | Snake:3  | Gained mutation: You have hoof-like feet. [Jiyva's grace]
 22167 | Snake:3  | Gained mutation: You have hooves in place of feet. [Jiyva's
                  | grace]
 22167 | Snake:3  | Gained mutation: Your translucent skin reduces your foes'
                  | accuracy. (Stealth+) [Jiyva's grace]
 22734 | Snake:4  | Entered Level 4 of the Snake Pit
 22773 | Snake:4  | Reached XP level 17. HP: 173/174 MP: 17/17
 22918 | Snake:4  | Reached skill level 7 in Dodging
 23058 | Snake:4  | Reached skill level 11 in Shapeshifting
 23718 | Snake:4  | Found Hatuaredd's Jewellery Emporium.
 23718 | Snake:4  | Found Vauppeno's Book Boutique.
 23719 | Snake:4  | Found Nohalin's Book Boutique.
 23811 | Snake:4  | Reached skill level 12 in Shapeshifting
 23861 | Snake:4  | Lost mutation: You are completely covered in iridescent
                  | scales. (AC +6) [Jiyva's grace]
 23861 | Snake:4  | Lost mutation: You are covered in thick fur. (AC +2)
                  | [Jiyva's grace]
 23861 | Snake:4  | Lost mutation: You have acidic saliva. [Jiyva's grace]
 23861 | Snake:4  | Gained mutation: You are resistant to electric shocks.
                  | (rElec) [Jiyva's grace]
 23861 | Snake:4  | Gained mutation: Your mind is acute. (Int +4, Str/Dex -1)
                  | [Jiyva's grace]
 23861 | Snake:4  | Gained mutation: Your mind is very acute. (Int +8, Str/Dex
                  | -2) [Jiyva's grace]
 23861 | Snake:4  | Gained mutation: Your muscles are strong. (Str +4, Int/Dex
                  | -1) [Jiyva's grace]
 23869 | Snake:4  | Got a serpentine rune of Zot
 24127 | Lair:2   | Upgraded the game from 0.32-a0-571-gec57dfcd37 to
                  | 0.32-a0-576-g706899e69d
 24155 | Shoals:1 | Entered Level 1 of the Shoals
 24446 | Shoals:1 | Reached skill level 13 in Shapeshifting
 24668 | Shoals:1 | Found Foleisoa's Jewellery Shoppe.
 25000 | Shoals:2 | Noticed Roxanne
 25098 | Shoals:2 | Noticed Polyphemus
 25099 | Shoals:2 | Noticed Donald
 25146 | Shoals:2 | Killed Polyphemus
 25218 | Shoals:2 | Killed Donald
 25259 | Shoals:2 | Noticed Jorgrun
 25267 | Shoals:2 | Killed Jorgrun
 25268 | Shoals:2 | Reached skill level 14 in Shapeshifting
 25702 | Shoals:3 | Found Ommu Ima's Distillery.
 25712 | Shoals:3 | Bought a potion of heal wounds for 70 gold pieces
 25909 | Shoals:3 | Found Saenetri's Weapon Shop.
 25915 | Shoals:3 | Found Hypligut's Armour Shop.
 25930 | Shoals:3 | Found Rahekh's Antique Weapon Shoppe.
 26003 | Shoals:3 | Reached XP level 18. HP: 91/183 MP: 18/18
 26161 | Shoals:3 | Found Naetiwn's Magic Scroll Shop.
 26215 | Shoals:3 | Bought a scroll of blinking for 127 gold pieces
 26215 | Shoals:3 | Bought a scroll of teleportation for 51 gold pieces
 26215 | Shoals:3 | Bought a scroll of teleportation for 51 gold pieces
 26289 | Shoals:3 | Reached skill level 15 in Shapeshifting
 26432 | Shoals:4 | Entered Level 4 of the Shoals
 26432 | Shoals:4 | Lost mutation: You are very agile. (Dex +8, Str/Int -2)
                  | [Jiyva's grace]
 26432 | Shoals:4 | Lost mutation: Your pliable body absorbs attacks. (AC +2,
                  | EV +2) [Jiyva's grace]
 26432 | Shoals:4 | Lost mutation: Your rubbery body absorbs attacks. (AC +1,
                  | EV +1) [Jiyva's grace]
 26432 | Shoals:4 | Lost mutation: Your translucent skin reduces your foes'
                  | accuracy. (Stealth+) [Jiyva's grace]
 26432 | Shoals:4 | Lost mutation: You have a small jelly attached to you that
                  | senses nearby items. [Jiyva's grace]
 26432 | Shoals:4 | Gained mutation: You passively map a small area around you.
                  | [Jiyva's grace]
 26432 | Shoals:4 | Gained mutation: You passively map the area around you.
                  | [Jiyva's grace]
 26432 | Shoals:4 | Gained mutation: You passively map a large area around you.
                  | [Jiyva's grace]
 26432 | Shoals:4 | Gained mutation: You possess an exceptional clarity of
                  | mind. [Jiyva's grace]
 26741 | Shoals:4 | Identified the ring of Foolhardiness {*Corrode +Blink rF+
                  | Dex+4 SInv}
 26753 | Shoals:4 | Identified the +2 morningstar of Muasa {flame, +Blink Will-
                  | Dex+7}
 26921 | Shoals:4 | Reached skill level 16 in Shapeshifting
 26990 | Shoals:2 | Killed Roxanne
 27163 | Shoals:3 | Bought a scroll of identify for 34 gold pieces
 27292 | Shoals:4 | Found a white marble altar of Elyvilon.
 27335 | Shoals:4 | Got a barnacled rune of Zot
 27493 | Shoals:4 | Found a glowing golden altar of the Shining One.
 27845 | Vaults:1 | Entered Level 1 of the Vaults
 27871 | Vaults:1 | Reached skill level 13 in Fighting
 27876 | Vaults:1 | Reached skill level 4 in Evocations
 28025 | Vaults:1 | Reached skill level 1 in Throwing
 28034 | Vaults:1 | Reached skill level 2 in Throwing
 28226 | Vaults:1 | Reached skill level 3 in Throwing
 28242 | Vaults:1 | Reached skill level 4 in Throwing
 28279 | Vaults:1 | Reached skill level 5 in Throwing
 28279 | Vaults:1 | Reached XP level 19. HP: 76/193 MP: 19/19
 28612 | D:4      | Bought the ring "Weisori" {rC+ EV+5} for 500 gold pieces
 29182 | Vaults:1 | Reached skill level 6 in Throwing
 29231 | Vaults:1 | Found Ekeisk's General Store.
 29266 | Vaults:1 | Reached skill level 7 in Throwing
 29287 | Vaults:1 | Lost mutation: You have hooves in place of feet. [Jiyva's
                  | grace]
 29287 | Vaults:1 | Lost mutation: You passively map a large area around you.
                  | [Jiyva's grace]
 29287 | Vaults:1 | Lost mutation: You passively map the area around you.
                  | [Jiyva's grace]
 29287 | Vaults:1 | Lost mutation: Your muscles are strong. (Str +4, Int/Dex
                  | -1) [Jiyva's grace]
 29287 | Vaults:1 | Gained mutation: You are covered in thick fur. (AC +2)
                  | [Jiyva's grace]
 29287 | Vaults:1 | Gained mutation: Your thick and shaggy fur keeps you warm.
                  | (AC +3, rC+) [Jiyva's grace]
 29287 | Vaults:1 | Gained mutation: You have a small jelly attached to you
                  | that senses nearby items. [Jiyva's grace]
 29287 | Vaults:1 | Gained mutation: Armour fits poorly on your pseudopods.
                  | [Jiyva's grace]
 29439 | Vaults:1 | Found a portal to a secret trove of treasure.
 29673 | Vaults:2 | Reached skill level 8 in Throwing
 29725 | Vaults:2 | Reached skill level 9 in Throwing
 30018 | Vaults:2 | Reached skill level 10 in Throwing
 30032 | Vaults:2 | Identified the +7 great sword "Trog's Righteous Fury"
                  | {elec, Str+3}
 30035 | Vaults:2 | Identified the +6 demon blade of Poverty {drain, rF+}
 30234 | Vaults:2 | Noticed Mara
 30238 | Vaults:2 | Noticed yetimobile's illusion
 30262 | Vaults:2 | Killed Mara
 30263 | Vaults:2 | Reached skill level 11 in Throwing
 30845 | Vaults:3 | Reached skill level 12 in Throwing
 31136 | Vaults:3 | Lost mutation: You are mostly covered in iridescent scales.
                  | (AC +4) [Jiyva's grace]
 31136 | Vaults:3 | Lost mutation: Armour fits poorly on your pseudopods.
                  | [Jiyva's grace]
 31136 | Vaults:3 | Gained mutation: You have acidic saliva. [Jiyva's grace]
 31136 | Vaults:3 | Gained mutation: You have an increased reservoir of magic.
                  | (+10% MP) [Jiyva's grace]
 31136 | Vaults:3 | Gained mutation: You have a considerably increased
                  | reservoir of magic. (+20% MP) [Jiyva's grace]
 31136 | Vaults:3 | Gained mutation: You have a greatly increased reservoir of
                  | magic. (+30% MP) [Jiyva's grace]
 31304 | Vaults:3 | Found a staircase to the Crypt.
 31351 | Vaults:3 | Reached XP level 20. HP: 202/202 MP: 27/27
 31673 | Vaults:3 | Reached skill level 13 in Throwing
 31974 | Vaults:3 | Learned a level 4 spell: Brom's Barrelling Boulder
 32133 | Vaults:4 | Reached skill level 14 in Throwing
 32677 | Vaults:4 | Lost mutation: You passively map a small area around you.
                  | [Jiyva's grace]
 32677 | Vaults:4 | Lost mutation: Your translucent skin slightly reduces your
                  | foes' accuracy. (Stealth+) [Jiyva's grace]
 32677 | Vaults:4 | Gained mutation: Your flesh is heat resistant. (rF+)
                  | [Jiyva's grace]
 32677 | Vaults:4 | Gained mutation: Your flesh is very heat resistant. (rF++)
                  | [Jiyva's grace]
 32677 | Vaults:4 | Gained mutation: Your flesh is almost immune to the effects
                  | of heat. (rF+++) [Jiyva's grace]
 32677 | Vaults:4 | Gained mutation: You are very agile. (Dex +8, Str/Int -2)
                  | [Jiyva's grace]
 32836 | Vaults:4 | Identified the +3 robe of Isouleps {rPois Int+6 Dex-5
                  | Stlth-}
 32836 | Vaults:4 | Noticed Boris
 32872 | Vaults:4 | Slimified Boris
 32872 | Vaults:4 | Boris changed into Boris the acid blob
 32872 | Vaults:4 | Noticed Boris
 32875 | Vaults:4 | Killed Boris the acid blob
 33136 | Depths:1 | Entered Level 1 of the Depths
 33418 | Depths:1 | Reached skill level 8 in Dodging
 33548 | Depths:1 | Found a sparkling altar of Nemelex Xobeh.
 33568 | Depths:1 | Reached skill level 15 in Throwing
 33624 | Depths:1 | Reached skill level 9 in Dodging
 34014 | Depths:1 | Found a gateway to Hell.
 34036 | Depths:2 | Found a one-way gate to the infinite horrors of the Abyss.
 34241 | Depths:2 | Noticed a golden dragon
 34273 | Depths:2 | Found a one-way gate leading to the halls of Pandemonium.
 34274 | Depths:2 | Reached skill level 10 in Dodging
 34298 | Depths:2 | Killed a golden dragon
 34310 | Depths:2 | Reached XP level 21. HP: 99/210 MP: 28/28
 34360 | Depths:2 | Reached skill level 11 in Armour
 34401 | Depths:2 | Paralysed by a vampire knight for 5 turns
 34644 | Depths:2 | Lost mutation: You possess an exceptional clarity of mind.
                  | [Jiyva's grace]
 34644 | Depths:2 | Lost mutation: Your flesh is almost immune to the effects
                  | of heat. (rF+++) [Jiyva's grace]
 34644 | Depths:2 | Lost mutation: You have a small jelly attached to you that
                  | senses nearby items. [Jiyva's grace]
 34644 | Depths:2 | Gained mutation: You have a small jelly attached to you
                  | that may absorb projectiles. [Jiyva's grace]
 34644 | Depths:2 | Gained mutation: Your spells are a little harder to cast,
                  | but a little more powerful. [Jiyva's grace]
 34644 | Depths:2 | Gained mutation: Your spells are harder to cast, but more
                  | powerful. [Jiyva's grace]
 34644 | Depths:2 | Gained mutation: Your spells are much harder to cast, but
                  | much more powerful. [Jiyva's grace]
 34704 | Depths:2 | Reached skill level 3 in Shields
 34714 | Depths:2 | Noticed a golden dragon
 34718 | Depths:2 | Killed a golden dragon
 34804 | Depths:2 | Reached skill level 4 in Shields
 34849 | Depths:2 | Reached skill level 5 in Shields
 34928 | Depths:2 | Reached skill level 6 in Shields
 34966 | Depths:2 | Reached skill level 7 in Shields
 35355 | Depths:3 | Reached skill level 8 in Shields
 35496 | Depths:3 | Reached skill level 9 in Shields
 35683 | Depths:3 | Reached skill level 10 in Shields
 36242 | Depths:3 | Reached skill level 11 in Shields
 36416 | Depths:4 | Entered Level 4 of the Depths
 36489 | Depths:4 | Found Ithraw's Antique Armour Boutique.
 36502 | Depths:4 | Bought a runed cloak for 382 gold pieces
 36647 | Depths:4 | Reached XP level 22. HP: 219/219 MP: 30/30
 36663 | Depths:4 | Found a gate to the Realm of Zot.
 36686 | Depths:4 | Reached skill level 12 in Shields
 36768 | Depths:4 | Found a broken altar of Ashenzari.
 36973 | Depths:4 | Reached skill level 13 in Shields
 37008 | Depths:4 | Found a one-way gateway to a ziggurat.
 37009 | Depths:4 | Noticed a golden dragon
 37015 | Depths:4 | Killed a golden dragon
 37108 | Depths:4 | Lost mutation: You have hoof-like feet. [Jiyva's grace]
 37108 | Depths:4 | Lost mutation: You are very agile. (Dex +8, Str/Int -2)
                  | [Jiyva's grace]
 37108 | Depths:4 | Lost mutation: Your mind is very acute. (Int +8, Str/Dex
                  | -2) [Jiyva's grace]
 37108 | Depths:4 | Lost mutation: Your flesh is very heat resistant. (rF++)
                  | [Jiyva's grace]
 37108 | Depths:4 | Lost mutation: Your spells are much harder to cast, but
                  | much more powerful. [Jiyva's grace]
 37108 | Depths:4 | Gained mutation: Armour fits poorly on your pseudopods.
                  | [Jiyva's grace]
 37108 | Depths:4 | Gained mutation: Armour fits poorly on your large
                  | pseudopods. [Jiyva's grace]
 37108 | Depths:4 | Gained mutation: Armour fits poorly on your massive
                  | pseudopods. [Jiyva's grace]
 37108 | Depths:4 | Gained mutation: You possess an exceptional clarity of
                  | mind. [Jiyva's grace]
 37484 | Elf:1    | Entered Level 1 of the Elven Halls
 37540 | Elf:1    | Found a radiant altar of Vehumet.
 37677 | Elf:1    | Got the Incunabulum of the Impact
 37720 | Elf:1    | Found a magical portal.
 37731 | WizLab   | Entered Alistair's Party Mansion
 37805 | WizLab   | Reached skill level 19 in Unarmed Combat
 37866 | WizLab   | Got the Discursus on Melanosis
 37884 | Abyss:3  | Cast into level 3 of the Abyss (a deep elf sorcerer)
 37889 | Abyss:3  | Found a corrupted altar of Lugonu.
 38053 | WizLab   | Escaped the Abyss
 38065 | WizLab   | Noticed a golden dragon
 38067 | WizLab   | Noticed a golden dragon
 38083 | WizLab   | Noticed a golden dragon
 38237 | WizLab   | Acquired a scarf of resistance
 38294 | WizLab   | Reached skill level 20 in Unarmed Combat
 38936 | Elf:2    | Noticed Louise
 38954 | Elf:2    | Killed Louise
 38962 | Elf:2    | Lost mutation: You have a greatly increased reservoir of
                  | magic. (+30% MP) [Jiyva's grace]
 38962 | Elf:2    | Lost mutation: You are resistant to electric shocks.
                  | (rElec) [Jiyva's grace]
 38962 | Elf:2    | Lost mutation: Armour fits poorly on your massive
                  | pseudopods. [Jiyva's grace]
 38962 | Elf:2    | Lost mutation: You have a small jelly attached to you that
                  | may absorb projectiles. [Jiyva's grace]
 38962 | Elf:2    | Gained mutation: Your melee attacks may engulf your foes in
                  | ooze. [Jiyva's grace]
 38962 | Elf:2    | Gained mutation: Your muscles are strong. (Str +4, Int/Dex
                  | -1) [Jiyva's grace]
 38962 | Elf:2    | Gained mutation: Your muscles are very strong. (Str +8,
                  | Int/Dex -2) [Jiyva's grace]
 38962 | Elf:2    | Gained mutation: You are very agile. (Dex +8, Str/Int -2)
                  | [Jiyva's grace]
 39058 | Elf:2    | Found a huge runed translucent gate.
 39058 | Elf:2    | Found a huge runed translucent gate.
 39058 | Elf:2    | Found a huge runed translucent gate.
 39519 | Elf:2    | Found a huge runed translucent gate.
 39519 | Elf:2    | Found a huge runed translucent gate.
 39557 | Elf:3    | Entered Level 3 of the Elven Halls
 39851 | Elf:3    | Identified the +3 falchion of Fehier {flame, rN++}
 39865 | Elf:3    | Reached XP level 23. HP: 227/227 MP: 28/28
 39914 | Elf:3    | Reached skill level 17 in Shapeshifting
 39977 | Elf:3    | Identified the +6 trident "Zuucem" {antimagic, rPois rN++
                  | Str-4 SInv}
 39982 | Elf:3    | Reached skill level 21 in Unarmed Combat
 40031 | Elf:3    | Identified the staff of Incongruity {rElec Str+4 Air}
 40036 | Elf:3    | Got the Tome of Causality
 40051 | Elf:3    | Got the Disquisition on Red Concussion
 40052 | Elf:3    | Identified the +0 plate armour of Monotheism {Regen+ Dex+3}
 40193 | Elf:3    | Found Vaoplank's Distillery.
 40201 | Elf:3    | Bought a potion of heal wounds for 75 gold pieces
 40201 | Elf:3    | Bought a potion of haste for 150 gold pieces
 40201 | Elf:3    | Bought 2 potions of heal wounds for 150 gold pieces
 40201 | Elf:3    | Bought a potion of heal wounds for 75 gold pieces
 40201 | Elf:3    | Bought a potion of heal wounds for 75 gold pieces
 40201 | Elf:3    | Bought a potion of haste for 150 gold pieces
 40936 | Zot:1    | Entered Level 1 of the Realm of Zot
 41357 | Zot:1    | Reached skill level 18 in Shapeshifting
 41448 | Zot:1    | Noticed a curse toe
 41457 | Zot:1    | Killed a curse toe
 41484 | Zot:1    | Noticed a curse toe
 41499 | Zot:1    | Killed a curse toe
 41523 | Zot:1    | Noticed a curse toe
 41531 | Zot:1    | Killed a curse toe
 41563 | Zot:1    | Noticed a curse toe
 41568 | Zot:1    | Killed a curse toe
 41963 | Zot:2    | Found a runed translucent gate.
 41963 | Zot:2    | Found a runed translucent gate.
 41963 | Zot:2    | Found an opulent altar of Gozag.
 41963 | Zot:2    | Found a runed translucent gate.
 41963 | Zot:2    | Noticed bakla's ghost (master CoGl)
 42096 | Zot:2    | Lost mutation: You have large cloven feet. [Jiyva's grace]
 42096 | Zot:2    | Lost mutation: You are very agile. (Dex +8, Str/Int -2)
                  | [Jiyva's grace]
 42096 | Zot:2    | Lost mutation: Your spells are harder to cast, but more
                  | powerful. [Jiyva's grace]
 42096 | Zot:2    | Gained mutation: You have large cloven feet. [Jiyva's
                  | grace]
 42096 | Zot:2    | Gained mutation: You have hoof-like feet. [Jiyva's grace]
 42096 | Zot:2    | Gained mutation: You have hooves in place of feet. [Jiyva's
                  | grace]
 42096 | Zot:2    | Gained mutation: You are covered in slimy tendrils that may
                  | disarm your opponents. [Jiyva's grace]
 42478 | Zot:2    | You fall into a shaft and drop 2 floors!
 42522 | Zot:4    | Noticed an orb of fire
 42526 | Zot:4    | Lost mutation: You possess an exceptional clarity of mind.
                  | [an orb of fire]
 42532 | Zot:4    | Killed an orb of fire
 42533 | Zot:4    | Reached skill level 22 in Unarmed Combat
 42681 | Zot:2    | Found a blossoming altar of Fedhas.
 42774 | Zot:2    | Reached XP level 24. HP: 236/236 MP: 28/28
 42975 | Zot:2    | Found a white marble altar of Elyvilon.
 43226 | Zot:3    | Noticed an ancient lich
 43346 | Zot:3    | Reached skill level 23 in Unarmed Combat
 43647 | Zot:3    | Found a transporter.
 43649 | Zot:3    | Identified the +1 rapier "Ogre's Funeral" {pain, *Slow Fly
                  | Dex+4}
 43689 | Zot:3    | Found a transporter.
 43918 | Zot:3    | Killed an ancient lich
 43922 | Zot:3    | Reached skill level 19 in Shapeshifting
 44047 | Zot:3    | Identified the ring of the Princeling {Fly Dex+4}
 44049 | Zot:3    | Identified the +3 pair of boots "Qinuaw" {Harm}
 44383 | Vaults:1 | You paid a toll of +2 gold dragon scales to enter a
                  | treasure trove
 44384 | Trove    | Entered a treasure trove
 44398 | Trove    | Got Sif Muna's Volume of Shining Electricity
 44419 | Trove    | Got Sif Muna's Volume of Bringing Forth and the Pestle
 44422 | Trove    | Got Sif Muna's Folio of Venin and Inhalation
 44590 | Vaults:5 | Entered Level 5 of the Vaults
 44665 | Vaults:5 | Reached skill level 12 in Armour
 44669 | Vaults:5 | Reached skill level 14 in Shields
 44758 | Vaults:5 | Reached skill level 13 in Armour
 44762 | Vaults:5 | Reached skill level 15 in Shields
 44811 | Vaults:5 | Identified the +6 mace of Doom {pain, ^Contam ^Fragile
                  | rCorr Int+6}
 44836 | Vaults:5 | Reached skill level 14 in Armour
 44848 | Vaults:5 | Reached skill level 16 in Shields
 44934 | Vaults:5 | Reached XP level 25. HP: 244/244 MP: 28/28
 44974 | Vaults:5 | Identified the +2 ice dragon scales of the Zebra {rPois rF-
                  | rC++ Int+3 SInv}
 45047 | Vaults:5 | Lost mutation: You are partially covered in iridescent
                  | scales. (AC +2) [Jiyva's grace]
 45047 | Vaults:5 | Lost mutation: You have a considerably increased reservoir
                  | of magic. (+20% MP) [Jiyva's grace]
 45047 | Vaults:5 | Lost mutation: Your muscles are very strong. (Str +8,
                  | Int/Dex -2) [Jiyva's grace]
 45047 | Vaults:5 | Lost mutation: You have acidic saliva. [Jiyva's grace]
 45047 | Vaults:5 | Lost mutation: Armour fits poorly on your large pseudopods.
                  | [Jiyva's grace]
 45047 | Vaults:5 | Gained mutation: You are robust. (+10% HP) [Jiyva's grace]
 45047 | Vaults:5 | Gained mutation: You are very robust. (+20% HP) [Jiyva's
                  | grace]
 45047 | Vaults:5 | Gained mutation: You are extremely robust. (+30% HP)
                  | [Jiyva's grace]
 45047 | Vaults:5 | Gained mutation: You have a pair of small antennae on your
                  | head. [Jiyva's grace]
 45063 | Vaults:5 | Reached skill level 15 in Armour
 45089 | Vaults:5 | Reached skill level 17 in Shields
 45195 | Vaults:5 | Got a silver rune of Zot
 45369 | Vaults:5 | Found the +3 pair of mountain boots {steadfast, rC+}
 45384 | Vaults:5 | Got the Quarto of Fever
 45474 | Vaults:5 | Identified the +7 flail "Judonise" {spect, rF+ rN+ Int+3
                  | SInv}
 46213 | Zot:4    | Reached skill level 20 in Shapeshifting
 47243 | Snake:4  | Bought the ring "Hijilo" {rF+ Str+6 Dex+3} for 731 gold
                  | pieces
 47243 | Snake:4  | Bought a storm talisman for 1040 gold pieces
 47530 | D:14     | Killed jamsaran's ghost
 47713 | Zot:5    | Entered Level 5 of the Realm of Zot
 47783 | Zot:4    | Reached skill level 21 in Shapeshifting
 47937 | Zot:5    | Lost mutation: You have a pair of small antennae on your
                  | head. [Jiyva's grace]
 47937 | Zot:5    | Lost mutation: Your mind is acute. (Int +4, Str/Dex -1)
                  | [Jiyva's grace]
 47937 | Zot:5    | Lost mutation: Your muscles are strong. (Str +4, Int/Dex
                  | -1) [Jiyva's grace]
 47937 | Zot:5    | Lost mutation: Your spells are a little harder to cast, but
                  | a little more powerful. [Jiyva's grace]
 47937 | Zot:5    | Gained mutation: You passively dampen the noise of your
                  | surroundings. [Jiyva's grace]
 47937 | Zot:5    | Gained mutation: Your mind is acute. (Int +4, Str/Dex -1)
                  | [Jiyva's grace]
 47937 | Zot:5    | Gained mutation: Your mind is very acute. (Int +8, Str/Dex
                  | -2) [Jiyva's grace]
 47937 | Zot:5    | Gained mutation: Your translucent skin slightly reduces
                  | your foes' accuracy. (Stealth+) [Jiyva's grace]
 47948 | Zot:5    | Gained mutation: Potions are less effective at restoring
                  | your health. [mutagenic glow]
 47959 | Zot:5    | Gained mutation: You are vulnerable to cold. (rC-)
                  | [mutagenic glow]
 47970 | Zot:5    | Gained mutation: Your body sometimes deteriorates upon
                  | taking damage. [mutagenic glow]
 47982 | Zot:5    | Gained mutation: You occasionally lose the ability to drink
                  | potions when taking damage. [mutagenic glow]
 47995 | Zot:5    | Lost mutation: You are extremely robust. (+30% HP)
                  | [mutagenic glow]
 48038 | Zot:5    | Found a transporter.
 48066 | Zot:5    | Found a transporter.
 48162 | Zot:5    | Found a transporter.
 48246 | Zot:5    | Noticed an ancient lich
 48260 | Zot:5    | Killed an ancient lich
 48273 | Zot:5    | Noticed a Killer Klown
 48362 | Zot:5    | Noticed an orb of fire
 48369 | Zot:5    | Noticed an ancient lich
 48375 | Zot:5    | Killed an ancient lich
 48380 | Zot:5    | Noticed a Killer Klown
 48387 | Zot:5    | Killed a Killer Klown
 48408 | Zot:5    | Reached skill level 16 in Throwing
 48410 | Zot:5    | Noticed a Killer Klown
 48417 | Zot:5    | Killed a Killer Klown
 48469 | Zot:5    | Lost mutation: You are agile. (Dex +4, Str/Int -1) [an orb
                  | of fire]
 48476 | Zot:5    | Killed an orb of fire
 48487 | Zot:5    | Noticed a Killer Klown
 48492 | Zot:5    | Killed a Killer Klown
 48570 | Zot:5    | Noticed an orb of fire
 48582 | Zot:5    | Killed an orb of fire
 48584 | Zot:5    | Noticed an orb of fire
 48586 | Zot:5    | oops
 48653 | Zot:5    | Noticed a dread lich
 48656 | Zot:5    | Killed a dread lich
 48661 | Zot:5    | Noticed an orb of fire
 48661 | Zot:5    | Gained mutation: You occasionally lose the ability to read
                  | scrolls when taking damage. [an orb of fire]
 48664 | Zot:5    | Gained mutation: Your body often deteriorates upon taking
                  | damage. [an orb of fire]
 48674 | Zot:5    | Killed an orb of fire
 48682 | Zot:5    | Killed a Killer Klown
 48688 | Zot:5    | Reached XP level 26. HP: 303/303 MP: 26/26
 48715 | Zot:5    | Gained mutation: You have hidden genetic defects. [an orb
                  | of fire]
 48723 | Zot:5    | Killed an orb of fire
 48753 | Zot:5    | Noticed an orb of fire
 48762 | Zot:5    | Gained mutation: You sometimes lose the ability to drink
                  | potions when taking damage. [an orb of fire]
 48763 | Zot:5    | Gained mutation: You are clumsy. (Dex -2) [an orb of fire]
 48781 | Zot:5    | Gained mutation: You are occasionally teleported next to
                  | monsters. [an orb of fire]
 48784 | Zot:5    | Killed an orb of fire
 48827 | Zot:5    | Got the Orb of Zot
 48893 | Zot:5    | Noticed an ancient lich
 48893 | Zot:5    | Noticed an orb of fire
 48894 | Zot:5    | sad
 48903 | Zot:5    | Noticed an orb of fire
 48908 | Zot:5    | Noticed Wept the pandemonium lord
 48913 | Zot:5    | Reached skill level 17 in Throwing
 48913 | Zot:5    | Reached skill level 24 in Unarmed Combat
 49068 | Zot:5    | :-(
 49113 | Zot:5    | Gained mutation: You occasionally shout uncontrollably at
                  | your foes. [an orb of fire]
 49125 | Zot:4    | better lucky
 49125 | Zot:4    | Lost mutation: You have an increased reservoir of magic.
                  | (+10% MP) [potion of mutation]
 49125 | Zot:4    | Lost mutation: Armour fits poorly on your pseudopods.
                  | [potion of mutation]
 49126 | Zot:4    | Lost mutation: Your mind is very acute. (Int +8, Str/Dex
                  | -2) [potion of mutation]
 49126 | Zot:4    | Lost mutation: You occasionally shout uncontrollably at
                  | your foes. [potion of mutation]
 49126 | Zot:4    | Lost mutation: You are very robust. (+20% HP) [potion of
                  | mutation]
 49126 | Zot:4    | Lost mutation: You have hidden genetic defects. [potion of
                  | mutation]
 49405 | D:12     | Noticed Oluanon the pandemonium lord
 49678 | D:$      | Escaped with the Orb!

Illustrated notes ###................. * ##................... * ********* #.................... ***,,,,,..**#.................... **,,,,,,..(*#.................).. *,,,,,,,.(.(#.................... ,,,,,,,,*y....................... *,,,,^,,^,,,#..XX................ **,,,,,,,,,*#.X.I................ ***,^,,,,,**#..XX................ * ********* #.................... * ##................... ###.........^^...... ####.........^...# ############### Turn 48586 on Zot:5: oops ,,,,,,,,,,,,,,,,,,,,,** ,,,,,,,,,.............# ######### ,,,,,,,,,.............###.......# ,,,,,,,,,..*..........##....X.... ,,,,,,,,,...........^.#.......... *,,,,,,,,....L................... ,,,,,,,,,.............#....^..^.. ,,,,,,,,,.^...........##......... ,,,,,,,,^.......TX.^..###.^.....# ,,,,,,,,,.d...........# ######### ,,,,,,,,,............## ,,,,,,,,^......^...### ***,,,^,,.......#### *******#######* Turn 48894 on Zot:5: sad

....R.......^.....,^* ##........
...........^..3...,,* #.......4.
..................,,* ##.........
..................,,*##........&4
#.................,**#...########
##.............1..*#....##
##...^...........^...###
##.....#############*
*#.............TX###*
*#...............X...###
*......................##
,.......................# #######
,....(..................###.b....
*.......................##...b.bb
*#...(..................#....bbbb
##..(..................0....bb.b
**......................#Xbbb^bb^


Turn 49068 on Zot:5: :-( #..# #..###...###...###### #..# #...###...###........
#..#######..J###...###...)... #..##...###...###...######..#
#..###...###...###...#####..# #...###...###...###..........
##.^.###...###...#........... ##...###...###.....#########
##...###..I###...########## ##..# ##...###............ #### ##...###...........
#####..J######..##### #..###...#####..##### #...###..............
##...###............. ##...########..##### ##...#######.(##### Turn 49125 on
Zot:4: better lucky

Levels and vault maps discovered:
D:1:      dpeg_arrival_connections, layout_basic,
          ebering_ecumenical_altar_abandoned, minmay_pentomino_r2
D:2:      layout_rooms, chequers_serial_rivers_small_3,
          kennysheep_generic_room_9
D:3:      layout_basic, mainiacjoe_overflow_small_starburst
D:4:      layout_basic, serial_shops, shop
D:5:      layout_basic, minmay_temple_entry_statues_pillars, uniq_duvessa,
          uniq_pikel, uniq_blork_the_orc, uniq_prince_ribbit1
D:6:      kennysheep_steamy, layout_gridville, gup_sewer_entry_glass,
          nicolae_sextant
D:7:      layout_basic, lemuel_round_altar, amcnicky_altar_gilded, st_stairs_9,
          uniq_crazy_yiuf_cottage
D:8:      layout_basic, mainiacjoe_overflow_tiny_flanked, dpeg_lair_monsters,
          enter_bailey_5, uniq_maggie
D:9:      layout_loops_ring, chequers_temple_overflow_minitemple, orc_0_dummy,
          nzn_ghost_randoct
D:10:     layout_basic, nicolae_specific_store, uniq_josephine
D:11:     layout_stronghold, fedhas_ov_isle_minmay
D:12:     layout_irregular_city, minmay_misc_feat_plants
D:13:     hangedman_cross_cluster, layout_irregular_city,
          ximxim_vaults_locker_room
D:14:     layout_roguey, maelrawn_ghost_gauntlet_escape, serial_shops, shop,
          columned_hall_lemuel, uniq_kirke
D:15:     grunt_enter_depths_snipers, layout_cave_pools
Temple:   nicolae_temple_two_arcs
Lair:1:   layout_gridlike, grunt_megastairs_3
Lair:2:   layout_cave_pods, guppyfry_snake_entry_island, minmay_shattered_shrine
Lair:3:   layout_cave_pods, nicolae_shoals_entry_roost,
          nicolae_volcano_entry_vermiform, grunt_megastairs_1
Lair:4:   layout_cave_pods, dpeg_slime_entry_enclosed, uniq_rupert
Lair:5:   grunt_lair_end_beastmaster, layout_regular_city
Shoals:1: layout_shoals, serial_shops, nicolae_take_the_stairs, st_cyclops
Shoals:2: layout_shoals, uniq_polyphemus, uniq_jorgrun, uniq_donald,
          uniq_roxanne
Shoals:3: layout_shoals, serial_shops, nicolae_stop_n_shop_1,
          nicolae_shop_tiny_statue_garden, shop, shop, shop,
          nicolae_shoals_isolated_beach
Shoals:4: shoals_end_hellmonk_holy_island
Snake:1:  layout_layer_cave, uniq_frances, uniq_asterion
Snake:2:  layout_layer_cave
Snake:3:  layout_layer_cave, grunt_ministairs_2, serial_bayou_shore_a,
          minmay_shoptagon, nicolae_triple_integral
Snake:4:  snake_pit, layout_chambers, minmay_shop_grove, serial_bayou_shore_b
Slime:1:  layout_caves
Slime:2:  layout_caves
Slime:3:  layout_caves
Slime:4:  layout_caves
Slime:5:  slime_pit_nicolae_inversion
Orc:1:    layout_caves
Orc:2:    st_orc_ogre_mass, layout_diamond_mine
Elf:1:    eino_elf_arrival_altar, layout_geoelf_grid, mu_enter_wizlab_1,
          minmay_elf_annihilation
Elf:2:    elven_hall_of_blades_hangedman_alternative
          [nicolae_blade_entry_pointy_end], layout_loops_cross, uniq_louise
Elf:3:    minmay_elf_hall_dome, layout_gridlike, serial_shops, shop
Vaults:1: v_misc_10, vaults_standard_mumra_x, nicolae_vaults_heart-shaped_vault,
          st_octagons_2, nicolae_vaults_circle_grid_b, ontoclasm_vaults_tryst,
          nicolae_vaults_storage_closets_2, vaults_room_fours,
          vaults_room_stairs_pillars, dpeg_vaults_monster_box,
          nicolae_vaults_theta, layout_vaults_omnicross, enter_trove_6,
          serial_shops, nicolae_shop_tiny_real_fake_doors
Vaults:2: v_misc_22, v_misc_5, st_smaller_cells,
          serial_library_hellmonk_semicircle, nicolae_vaults_hexular_roomagon,
          nicolae_vaults_double_plus_3, vaults_dpeg_spiral, v_misc_10,
          nicolae_vaults_wine_cellar, ontoclasm_vaults_spin,
          nicolae_vaults_ninety_degrees, nicolae_vaults_trapezoid_lopsided_1,
          nicolae_vaults_apartment_1, v_misc_29, layout_vaults_omnibox,
          uniq_mara
Vaults:3: vaults_room_ringed_pool, nicolae_vaults_three_branches,
          ontoclasm_vaults_ring_large, minmay_crypt_entry_simple_walls,
          nicolae_vaults_closet_pinwheel_6, hangedman_vaults_corner,
          nicolae_vaults_weapon_check, v_misc_5, nicolae_vaults_statue_guard,
          nicolae_vaults_mini_display_case, layout_vaults_big_room
Vaults:4: nicolae_vaults_apartment_1, nicolae_vaults_cochlea, v_misc_2,
          hangedman_vaults_stagger, v_pattern_2, nicolae_vaults_tetromino_T_2,
          layout_vaults_omnigrid, uniq_boris
Vaults:5
Depths:1: layout_gridlike, pf_hell_entry_tar_spiral, nrook_loot_triangle,
          dk_noncrumbling_3, nemelex_spade_bored_becter
Depths:2: hangedman_grunt_twisty_little_passages, layout_cave_shapes, pan_entry,
          hell_entry, hangedman_abyss_entry_splay
Depths:3: kennysheep_spiral_hall, layout_gridlike, abyss_entry,
          chequers_serial_rivers_micro_c, hell_entry,
          infiniplex_staircase_zigzag_5
Depths:4: grunt_zot_entry_funnels, layout_twisted_cross, enter_ziggurat_b,
          grunt_mini_vestibule, rand_demon_pan_entry_8, old_standard_altar,
          serial_shops, shop
Zot:1:    gammafunk_mikee_crab_dinner, layout_basic
Zot:2:    layout_cathedral_of_symmetry, ebering_ghost_gozag,
          hangedman_feature_mirror, grunt_ministairs_4
Zot:3:    gammafunk_the_bubble [the_bubble_gammafunk_plus_minus],
          layout_concentric_octagons, regret_index_zotdec_silver_v_v_orig_slice
Zot:4:    layout_concentric_octagons
Zot:5:    layout_misc_corridors, nicolae_transporter_intersection

Skill      XL: |  1  2  3  4  5  6  7  8  9 10 11 12 13 14 15 16 17 18 19 20 21 22 23 24 25 26 |
---------------+-------------------------------------------------------------------------------+-----
Earth Magic    | 3 5 7 8 |  8.2
Unarmed Combat | 2 3 5 7 8 10 11 15 16 17 18 20 22 23 24 | 24.3
Fighting       | 2 4 5 8 10 12 13 | 13.2
Conjurations   | 3 5 |  5.3
Armour         | 3 6 8 10 11 14 15 | 15.5
Shapeshifting  | 9 10 14 16 18 19 21 | 21.7
Shields        | 2 11 13 16 17 | 17.4
Dodging        | 6 7 10 | 10.6
Evocations     | 3 4 |  4.6
Throwing       | 5 12 15 16 17 | 17.4
Stealth        | |  1.0
Spellcasting   | |  1.2

Action                     |  1- 3 |  4- 6 |  7- 9 | 10-12 | 13-15 | 16-18 | 19-21 | 22-24 | 25-27 || total
---------------------------+-------+-------+-------+-------+-------+-------+-------+-------+-------++-------
  Melee: Unarmed           |    36 |    12 |   120 |   505 |  1089 |  1112 |  1017 |  1074 |   563 ||  5528
         Headbutt          |       |     2 |    20 |   105 |    88 |       |       |       |       ||   215
         Punch             |       |     1 |     5 |    24 |   112 |   151 |   104 |       |     4 ||   401
         Pseudopods        |       |       |       |       |   184 |       |    53 |   226 |   144 ||   607
         Bite              |       |       |       |       |    41 |    40 |   101 |   147 |     1 ||   330
         Kick              |       |       |       |       |       |   423 |   380 |   398 |   184 ||  1385
  Throw: Large rock        |       |       |       |       |       |     4 |    67 |   144 |    61 ||   276
   Cast: Sandblast         |    52 |    63 |    87 |    55 |       |       |       |       |       ||   257
         Petrify           |       |       |       |     1 |       |       |       |       |       ||     1
         Stone Arrow       |       |       |       |       |     9 |       |       |       |       ||     9
 Invoke: Oozemancy         |       |     2 |     3 |     1 |     4 |     5 |     8 |     8 |       ||    31
         Slimify           |       |       |       |     3 |     4 |     1 |     2 |       |     1 ||    11
Ability: Blinkbolt         |       |       |       |       |       |       |       |       |     4 ||     4
         Begin Untransform |       |       |       |       |       |       |       |       |     1 ||     1
  Evoke: Lightning rod     |       |       |       |     4 |     1 |     7 |       |     5 |       ||    17
         Tin of tremorston |       |       |       |       |       |     2 |     4 |     3 |       ||     9
         Wand              |       |       |       |       |       |     4 |       |     2 |     2 ||     8
    Use: Scroll            |     3 |     3 |     5 |     7 |     5 |    12 |     2 |     8 |     4 ||    49
         Potion            |       |       |     2 |     1 |     1 |     1 |       |     3 |    12 ||    20
   Stab: Petrifying        |       |       |       |       |     3 |       |       |       |       ||     3
         Distracted        |       |       |       |       |     1 |       |     4 |     2 |     3 ||    10
         Sleeping          |       |       |       |       |       |     3 |     2 |     3 |       ||     8
         Petrified         |       |       |       |       |       |     2 |       |       |       ||     2
 Armour: Robe              |    52 |    64 |   134 |    15 |       |       |       |       |       ||   265
         Skin              |       |       |    75 |       |       |   244 |  1084 |   879 |   424 ||  2706
         Swamp dragon scal |       |       |       |   464 |   718 |       |       |       |       ||  1182
         Acid dragon scale |       |       |       |       |    43 |    32 |       |       |       ||    75
         Storm dragon scal |       |       |       |       |       |   784 |       |       |    89 ||   873
  Dodge: Dodged            |    40 |    39 |   104 |   302 |   650 |   729 |  1215 |   670 |   284 ||  4033
  Block: Tower shield      |       |       |       |       |       |       |   444 |  1462 |   726 ||  2632
   Form: Blade             |       |       |       |       |     1 |       |       |       |       ||     1
         Statue            |       |       |       |       |       |     1 |       |       |     2 ||     3
         Storm             |       |       |       |       |       |       |       |       |     2 ||     2

Table legend: (Time is in decaauts)
 A = Elapsed time spent in this place.
 B = Non-inter-level travel time spent in this place.
 C = Inter-level travel time spent in this place.
 D = Time resting spent in this place.
 E = Time spent auto-exploring this place.
 F = Levels seen in this place.
 G = Mean time per level.
                   A        B        C        D        E       F      G
               +--------+--------+--------+--------+--------+-----+--------+
         Total |  59059 |  51367 |   7692 |   1438 |  32197 |  59 | 1001.0 |
       Dungeon |  14173 |  11038 |   3135 |    132 |   7832 |  15 |  944.9 |
        Temple |      1 |      1 |      0 |      0 |      0 |   1 |    1.0 |
          Lair |   5316 |   4686 |    630 |     53 |   3288 |   5 | 1063.2 |
        Shoals |   3656 |   3096 |    560 |    250 |   1462 |   4 |  914.0 |
     Snake Pit |   5077 |   4642 |    435 |    100 |   3526 |   4 | 1269.2 |
    Slime Pits |    404 |    320 |     84 |      0 |    157 |   5 |   80.8 |
  Orcish Mines |   1200 |    985 |    215 |      0 |    685 |   2 |  600.0 |
   Elven Halls |   3602 |   3415 |    187 |     44 |   2077 |   3 | 1200.7 |
        Vaults |   9162 |   8219 |    943 |    240 |   5452 |   5 | 1832.4 |
        Depths |   6610 |   5847 |    763 |    108 |   3492 |   4 | 1652.5 |
           Zot |   7875 |   7139 |    736 |    389 |   3964 |   5 | 1575.0 |
         Abyss |    233 |    233 |      0 |      0 |     10 |   1 |  233.0 |
         Trove |    122 |    122 |      0 |      0 |     61 |   1 |  122.0 |
         Sewer |    143 |    143 |      0 |      0 |     64 |   1 |  143.0 |
        Bailey |    407 |    407 |      0 |     85 |     52 |   1 |  407.0 |
       Volcano |    386 |    386 |      0 |      9 |     40 |   1 |  386.0 |
        Wizlab |    685 |    685 |      0 |     27 |     33 |   1 |  685.0 |
               +--------+--------+--------+--------+--------+-----+--------+

Top non-repeatable levels by time:
Vaults:1: 2377 daAuts
Vaults:3: 2014 daAuts
Depths:3: 1869 daAuts
Depths:2: 1864 daAuts
   Zot:2: 1831 daAuts
Vaults:5: 1772 daAuts
   Zot:1: 1659 daAuts
   Zot:5: 1579 daAuts
Vaults:2: 1546 daAuts
    D:13: 1496 daAuts
Depths:4: 1490 daAuts
Vaults:4: 1451 daAuts
   Zot:3: 1424 daAuts
Depths:1: 1385 daAuts
 Snake:4: 1384 daAuts

Table legend: (Time is in decaauts)
 A = Elapsed time spent in this place.
 B = Non-inter-level travel time spent in this place.
 C = Inter-level travel time spent in this place.
 D = Time resting spent in this place.
 E = Time spent auto-exploring this place.
 F = Levels seen in this place.
 G = Mean time per level.
                   A        B        C        D        E       F      G
               +--------+--------+--------+--------+--------+-----+--------+
         Total |  59059 |  51367 |   7692 |   1438 |  32197 |  59 | 1001.0 |
       Dungeon |  14173 |  11038 |   3135 |    132 |   7832 |  15 |  944.9 |
        Temple |      1 |      1 |      0 |      0 |      0 |   1 |    1.0 |
          Lair |   5316 |   4686 |    630 |     53 |   3288 |   5 | 1063.2 |
        Shoals |   3656 |   3096 |    560 |    250 |   1462 |   4 |  914.0 |
     Snake Pit |   5077 |   4642 |    435 |    100 |   3526 |   4 | 1269.2 |
    Slime Pits |    404 |    320 |     84 |      0 |    157 |   5 |   80.8 |
  Orcish Mines |   1200 |    985 |    215 |      0 |    685 |   2 |  600.0 |
   Elven Halls |   3602 |   3415 |    187 |     44 |   2077 |   3 | 1200.7 |
        Vaults |   9162 |   8219 |    943 |    240 |   5452 |   5 | 1832.4 |
        Depths |   6610 |   5847 |    763 |    108 |   3492 |   4 | 1652.5 |
           Zot |   7875 |   7139 |    736 |    389 |   3964 |   5 | 1575.0 |
         Abyss |    233 |    233 |      0 |      0 |     10 |   1 |  233.0 |
         Trove |    122 |    122 |      0 |      0 |     61 |   1 |  122.0 |
         Sewer |    143 |    143 |      0 |      0 |     64 |   1 |  143.0 |
        Bailey |    407 |    407 |      0 |     85 |     52 |   1 |  407.0 |
       Volcano |    386 |    386 |      0 |      9 |     40 |   1 |  386.0 |
        Wizlab |    685 |    685 |      0 |     27 |     33 |   1 |  685.0 |
               +--------+--------+--------+--------+--------+-----+--------+

Top non-repeatable levels by time:
Vaults:1: 2377 daAuts
Vaults:3: 2014 daAuts
Depths:3: 1869 daAuts
Depths:2: 1864 daAuts
   Zot:2: 1831 daAuts
Vaults:5: 1772 daAuts
   Zot:1: 1659 daAuts
   Zot:5: 1579 daAuts
Vaults:2: 1546 daAuts
    D:13: 1496 daAuts
Depths:4: 1490 daAuts
Vaults:4: 1451 daAuts
   Zot:3: 1424 daAuts
Depths:1: 1385 daAuts
 Snake:4: 1384 daAuts

Table legend:
 A = Kills in this place as a percentage of kills in the entire game.
 B = Kills by you in this place as a percentage of kills by you in the entire game.
 C = Kills by friends in this place as a percentage of kills by friends in the entire game.
 D = Other kills in this place as a percentage of other kills in the entire game.
 E = Experience gained in this place as a percentage of experience gained in the entire game.
 F = Experience gained in this place divided by the number of levels of this place that you have seen.
                   A       B       C       D       E      F
               +-------+-------+-------+-------+-------+----------------------
         Total | 100.0 | 100.0 | 100.0 | 100.0 | 100.0 | 23143.5
       Dungeon |  17.3 |  17.3 | 100.0 |   0.0 |   7.1 | 6430.3
          Lair |   9.1 |   9.0 |   0.0 |  16.7 |   3.8 | 10258.4
        Shoals |   7.8 |   7.8 |   0.0 |   8.3 |   7.0 | 23743.8
     Snake Pit |   8.0 |   8.1 |   0.0 |   0.0 |   6.8 | 23143.8
  Orcish Mines |   3.7 |   3.7 |   0.0 |   0.0 |   1.5 | 10171.5
   Elven Halls |   6.4 |   6.3 |   0.0 |  25.0 |   7.0 | 31970.3
        Vaults |  18.6 |  18.6 |   0.0 |  25.0 |  22.6 | 61740.4
        Depths |  12.4 |  12.5 |   0.0 |   0.0 |  16.7 | 56898.5
           Zot |  12.1 |  12.0 |   0.0 |  25.0 |  24.1 | 65919.4
         Abyss |   1.0 |   1.0 |   0.0 |   0.0 |   1.0 | 13704.0
         Sewer |   0.4 |   0.4 |   0.0 |   0.0 |   0.0 | 250.0
        Bailey |   1.0 |   1.0 |   0.0 |   0.0 |   0.1 | 1216.0
       Volcano |   0.7 |   0.7 |   0.0 |   0.0 |   0.4 | 5184.0
        Wizlab |   1.6 |   1.6 |   0.0 |   0.0 |   2.0 | 27672.0
               +-------+-------+-------+-------+-------+----------------------

Levels and vault maps discovered:
D:1:      dpeg_arrival_connections, layout_basic,
          ebering_ecumenical_altar_abandoned, minmay_pentomino_r2
D:2:      layout_rooms, chequers_serial_rivers_small_3,
          kennysheep_generic_room_9
D:3:      layout_basic, mainiacjoe_overflow_small_starburst
D:4:      layout_basic, serial_shops, shop
D:5:      layout_basic, minmay_temple_entry_statues_pillars, uniq_duvessa,
          uniq_pikel, uniq_blork_the_orc, uniq_prince_ribbit1
D:6:      kennysheep_steamy, layout_gridville, gup_sewer_entry_glass,
          nicolae_sextant
D:7:      layout_basic, lemuel_round_altar, amcnicky_altar_gilded, st_stairs_9,
          uniq_crazy_yiuf_cottage
D:8:      layout_basic, mainiacjoe_overflow_tiny_flanked, dpeg_lair_monsters,
          enter_bailey_5, uniq_maggie
D:9:      layout_loops_ring, chequers_temple_overflow_minitemple, orc_0_dummy,
          nzn_ghost_randoct
D:10:     layout_basic, nicolae_specific_store, uniq_josephine
D:11:     layout_stronghold, fedhas_ov_isle_minmay
D:12:     layout_irregular_city, minmay_misc_feat_plants
D:13:     hangedman_cross_cluster, layout_irregular_city,
          ximxim_vaults_locker_room
D:14:     layout_roguey, maelrawn_ghost_gauntlet_escape, serial_shops, shop,
          columned_hall_lemuel, uniq_kirke
D:15:     grunt_enter_depths_snipers, layout_cave_pools
Temple:   nicolae_temple_two_arcs
Lair:1:   layout_gridlike, grunt_megastairs_3
Lair:2:   layout_cave_pods, guppyfry_snake_entry_island, minmay_shattered_shrine
Lair:3:   layout_cave_pods, nicolae_shoals_entry_roost,
          nicolae_volcano_entry_vermiform, grunt_megastairs_1
Lair:4:   layout_cave_pods, dpeg_slime_entry_enclosed, uniq_rupert
Lair:5:   grunt_lair_end_beastmaster, layout_regular_city
Shoals:1: layout_shoals, serial_shops, nicolae_take_the_stairs, st_cyclops
Shoals:2: layout_shoals, uniq_polyphemus, uniq_jorgrun, uniq_donald,
          uniq_roxanne
Shoals:3: layout_shoals, serial_shops, nicolae_stop_n_shop_1,
          nicolae_shop_tiny_statue_garden, shop, shop, shop,
          nicolae_shoals_isolated_beach
Shoals:4: shoals_end_hellmonk_holy_island
Snake:1:  layout_layer_cave, uniq_frances, uniq_asterion
Snake:2:  layout_layer_cave
Snake:3:  layout_layer_cave, grunt_ministairs_2, serial_bayou_shore_a,
          minmay_shoptagon, nicolae_triple_integral
Snake:4:  snake_pit, layout_chambers, minmay_shop_grove, serial_bayou_shore_b
Slime:1:  layout_caves
Slime:2:  layout_caves
Slime:3:  layout_caves
Slime:4:  layout_caves
Slime:5:  slime_pit_nicolae_inversion
Orc:1:    layout_caves
Orc:2:    st_orc_ogre_mass, layout_diamond_mine
Elf:1:    eino_elf_arrival_altar, layout_geoelf_grid, mu_enter_wizlab_1,
          minmay_elf_annihilation
Elf:2:    elven_hall_of_blades_hangedman_alternative
          [nicolae_blade_entry_pointy_end], layout_loops_cross, uniq_louise
Elf:3:    minmay_elf_hall_dome, layout_gridlike, serial_shops, shop
Vaults:1: v_misc_10, vaults_standard_mumra_x, nicolae_vaults_heart-shaped_vault,
          st_octagons_2, nicolae_vaults_circle_grid_b, ontoclasm_vaults_tryst,
          nicolae_vaults_storage_closets_2, vaults_room_fours,
          vaults_room_stairs_pillars, dpeg_vaults_monster_box,
          nicolae_vaults_theta, layout_vaults_omnicross, enter_trove_6,
          serial_shops, nicolae_shop_tiny_real_fake_doors
Vaults:2: v_misc_22, v_misc_5, st_smaller_cells,
          serial_library_hellmonk_semicircle, nicolae_vaults_hexular_roomagon,
          nicolae_vaults_double_plus_3, vaults_dpeg_spiral, v_misc_10,
          nicolae_vaults_wine_cellar, ontoclasm_vaults_spin,
          nicolae_vaults_ninety_degrees, nicolae_vaults_trapezoid_lopsided_1,
          nicolae_vaults_apartment_1, v_misc_29, layout_vaults_omnibox,
          uniq_mara
Vaults:3: vaults_room_ringed_pool, nicolae_vaults_three_branches,
          ontoclasm_vaults_ring_large, minmay_crypt_entry_simple_walls,
          nicolae_vaults_closet_pinwheel_6, hangedman_vaults_corner,
          nicolae_vaults_weapon_check, v_misc_5, nicolae_vaults_statue_guard,
          nicolae_vaults_mini_display_case, layout_vaults_big_room
Vaults:4: nicolae_vaults_apartment_1, nicolae_vaults_cochlea, v_misc_2,
          hangedman_vaults_stagger, v_pattern_2, nicolae_vaults_tetromino_T_2,
          layout_vaults_omnigrid, uniq_boris
Vaults:5
Depths:1: layout_gridlike, pf_hell_entry_tar_spiral, nrook_loot_triangle,
          dk_noncrumbling_3, nemelex_spade_bored_becter
Depths:2: hangedman_grunt_twisty_little_passages, layout_cave_shapes, pan_entry,
          hell_entry, hangedman_abyss_entry_splay
Depths:3: kennysheep_spiral_hall, layout_gridlike, abyss_entry,
          chequers_serial_rivers_micro_c, hell_entry,
          infiniplex_staircase_zigzag_5
Depths:4: grunt_zot_entry_funnels, layout_twisted_cross, enter_ziggurat_b,
          grunt_mini_vestibule, rand_demon_pan_entry_8, old_standard_altar,
          serial_shops, shop
Zot:1:    gammafunk_mikee_crab_dinner, layout_basic
Zot:2:    layout_cathedral_of_symmetry, ebering_ghost_gozag,
          hangedman_feature_mirror, grunt_ministairs_4
Zot:3:    gammafunk_the_bubble [the_bubble_gammafunk_plus_minus],
          layout_concentric_octagons, regret_index_zotdec_silver_v_v_orig_slice
Zot:4:    layout_concentric_octagons
Zot:5:    layout_misc_corridors, nicolae_transporter_intersection

Action                     |  1- 3 |  4- 6 |  7- 9 | 10-12 | 13-15 | 16-18 | 19-21 | 22-24 | 25-27 || total
---------------------------+-------+-------+-------+-------+-------+-------+-------+-------+-------++-------
  Melee: Unarmed           |    36 |    12 |   120 |   505 |  1089 |  1112 |  1017 |  1074 |   563 ||  5528
         Headbutt          |       |     2 |    20 |   105 |    88 |       |       |       |       ||   215
         Punch             |       |     1 |     5 |    24 |   112 |   151 |   104 |       |     4 ||   401
         Pseudopods        |       |       |       |       |   184 |       |    53 |   226 |   144 ||   607
         Bite              |       |       |       |       |    41 |    40 |   101 |   147 |     1 ||   330
         Kick              |       |       |       |       |       |   423 |   380 |   398 |   184 ||  1385
  Throw: Large rock        |       |       |       |       |       |     4 |    67 |   144 |    61 ||   276
   Cast: Sandblast         |    52 |    63 |    87 |    55 |       |       |       |       |       ||   257
         Petrify           |       |       |       |     1 |       |       |       |       |       ||     1
         Stone Arrow       |       |       |       |       |     9 |       |       |       |       ||     9
 Invoke: Oozemancy         |       |     2 |     3 |     1 |     4 |     5 |     8 |     8 |       ||    31
         Slimify           |       |       |       |     3 |     4 |     1 |     2 |       |     1 ||    11
Ability: Blinkbolt         |       |       |       |       |       |       |       |       |     4 ||     4
         Begin Untransform |       |       |       |       |       |       |       |       |     1 ||     1
  Evoke: Lightning rod     |       |       |       |     4 |     1 |     7 |       |     5 |       ||    17
         Tin of tremorston |       |       |       |       |       |     2 |     4 |     3 |       ||     9
         Wand              |       |       |       |       |       |     4 |       |     2 |     2 ||     8
    Use: Scroll            |     3 |     3 |     5 |     7 |     5 |    12 |     2 |     8 |     4 ||    49
         Potion            |       |       |     2 |     1 |     1 |     1 |       |     3 |    12 ||    20
   Stab: Petrifying        |       |       |       |       |     3 |       |       |       |       ||     3
         Distracted        |       |       |       |       |     1 |       |     4 |     2 |     3 ||    10
         Sleeping          |       |       |       |       |       |     3 |     2 |     3 |       ||     8
         Petrified         |       |       |       |       |       |     2 |       |       |       ||     2
 Armour: Robe              |    52 |    64 |   134 |    15 |       |       |       |       |       ||   265
         Skin              |       |       |    75 |       |       |   244 |  1084 |   879 |   424 ||  2706
         Swamp dragon scal |       |       |       |   464 |   718 |       |       |       |       ||  1182
         Acid dragon scale |       |       |       |       |    43 |    32 |       |       |       ||    75
         Storm dragon scal |       |       |       |       |       |   784 |       |       |    89 ||   873
  Dodge: Dodged            |    40 |    39 |   104 |   302 |   650 |   729 |  1215 |   670 |   284 ||  4033
  Block: Tower shield      |       |       |       |       |       |       |   444 |  1462 |   726 ||  2632
   Form: Blade             |       |       |       |       |     1 |       |       |       |       ||     1
         Statue            |       |       |       |       |       |     1 |       |       |     2 ||     3
         Storm             |       |       |       |       |       |       |       |       |     2 ||     2
